 Dungeon Crawl Stone Soup version 0.32-a0-411-g744942f433 (webtiles) character file.

Game seed: 14558600919725361097

2834128 sleeves the Slayer (level 27, 206/219 HPs)
             Began as a Coglin Monk on Feb 19, 2024.
             Was the Champion of Hepliaklqana.
             Escaped with the Orb
             ... and 5 runes on Feb 20, 2024!
             The game lasted 04:30:53 (83175 turns).

sleeves the Slayer (Coglin Monk)                   Turns: 83175, Time: 04:30:54

Health: 206/219    AC: 24    Str: 24    XL:     27
Magic:  50/51      EV: 25    Int: 16    God:    Hepliaklqana [******]
Gold:   5412       SH:  0    Dex: 23    Spells: 38/56 levels left

rFire   + + +        G - +12 demon trident of Embarrassment {pain, MP+9}
rCold   + + .        d - +7 trident "Qidodam" {holy, rC++}
rNeg    + . .        y - +0 fire dragon scales
rPois   +            o - +0 helmet of Hangman {rF+ rC+}
rElec   .            M - scarf {repulsion}
rCorr   .            H - +2 pair of gloves of Gluttony {Regen+ Dex+4}
SInv    +            a - +2 pair of boots
Will    +++..        X - amulet of regeneration Stlth
                     f - ring "Saotri" {rN+ AC+4 Int+3 Dex+2}
HPRegen 2.16/turn    N - ring "Vani Fub" {rPois Will+ Str+2 SInv}
MPRegen 0.32/turn

%: random rage (3%), repel missiles
@: hasted, very quick
A: reduced essence, off-hand wielding, slow wielding, warmup strikes, legs
shutdown, see invisible, berserk 1, deformed body, screaming 1, subdued magic 1,
MP-powered wands
0: Orb of Zot
}: 5/15 runes: decaying, slimy, silver, abyssal, gossamer
a: Renounce Religion, Recall Ancestor, Ancestor Identity, Transference, Idealise


You escaped.
You worshipped Hepliaklqana.
Hepliaklqana was exalted by your worship.
You visited 12 branches of the dungeon, and saw 56 of its levels.
You visited the Abyss 4 times.
You also visited: Ossuary, Wizlab and Desolation.

You collected 8908 gold pieces.
You spent 3496 gold pieces at shops.

Inventory:

Hand Weapons
 d - the +7 trident "Qidodam" (offhand) {holy, rC++}
   (You found it on level 3 of the Dungeon)

   rC++:      It greatly protects you from cold.
 G - the +12 demon trident of Embarrassment (weapon) {pain, MP+9}
   (You found it in the Desolation of Salt)

   MP+9:      It affects your magic capacity (+9).
 L - a +0 demon trident
   (You found it on level 2 of the Depths)
Armour
 a - a +2 pair of boots (worn)
   (You found it on level 3 of the Spider Nest)
 o - the +0 helmet of Hangman (worn) {rF+ rC+}
   (You found it on level 2 of the Crypt)

   rF+:       It protects you from fire.
   rC+:       It protects you from cold.
 w - +0 gold dragon scales
   (You found it on level 3 of the Depths)
 y - +0 fire dragon scales (worn)
   (You found it on level 2 of the Depths)
 H - the +2 pair of gloves of Gluttony (worn) {Regen+ Dex+4}
   (You found it on level 3 of the Elven Halls)

   Dex+4:     It affects your dexterity (+4).
   Regen+:    It increases your rate of health regeneration.
 M - a scarf of repulsion (worn)
   (You found it on level 5 of the Lair of Beasts)
Jewellery
 f - the ring "Saotri" (left grasper) {rN+ AC+4 Int+3 Dex+2}
   (You bought it in a shop on level 1 of the Elven Halls)

   [ring of protection]

   AC+4:      It affects your AC (+4).
   Int+3:     It affects your intelligence (+3).
   Dex+2:     It affects your dexterity (+2).
   rN+:       It protects you from negative energy.
 g - the ring of Pejygguf {Will+ rCorr Stlth+}
   (You bought it in a shop on level 1 of the Elven Halls)

   [ring of willpower]

   Will+:     It increases your willpower.
   rCorr:     It protects you from acid and corrosion.
   Stlth+:    It makes you more stealthy.
 q - the amulet of the Everdark {Acrobat ^Contam *Corrode rElec Will+++ Str+4}
   (You found it on level 5 of the Pits of Slime)

   [amulet of the acrobat]

   Acrobat:   It increases your evasion while moving and waiting.
   Str+4:     It affects your strength (+4).
   rElec:     It insulates you from electricity.
   Will+++:   It greatly increases your willpower.
   ^Contam:   It causes magical contamination when unequipped.
   *Corrode:  It may corrode you when you take damage.
 N - the ring "Vani Fub" (right grasper) {rPois Will+ Str+2 SInv}
   (You took it off a vault sentinel on level 5 of the Vaults)

   [ring of willpower]

   Str+2:     It affects your strength (+2).
   rPois:     It protects you from poison Will+: It increases your willpower.
   SInv:      It lets you see invisible.
 P - the amulet "Oqosehex" {Faith rF+ Stlth+}
   (You found it in the Desolation of Salt)

   [amulet of faith]

   Faith:     It allows you to gain divine favour quickly.
   rF+:       It protects you from fire.
   Stlth+:    It makes you more stealthy.
 X - an amulet of regeneration (around neck)
   (You found it on level 10 of the Dungeon)
Wands
 A - a wand of iceblast (48)
   (You found it on level 4 of the Dungeon)
 B - a wand of acid (35)
   (You found it on level 1 of the Spider Nest)
 W - a wand of digging (13)
   (You found it on level 1 of the Lair of Beasts)
Scrolls
 e - 5 scrolls of immolation
 i - 9 scrolls of brand weapon
 l - a scroll of blinking
 m - 9 scrolls of revelation
 p - 6 scrolls of enchant armour
 s - a scroll of butterflies
 t - 14 scrolls of amnesia
 u - 9 scrolls of enchant weapon
 v - 14 scrolls of teleportation
 z - 6 scrolls of vulnerability
 E - 5 scrolls of poison
 F - 3 scrolls of silence
 T - 6 scrolls of fear
 V - 2 scrolls of torment
 Z - 2 scrolls of fog
Potions
 b - 4 potions of berserk rage
 c - 12 potions of ambrosia
 j - 10 potions of enlightenment
 k - 15 potions of curing
 n - 3 potions of haste
 r - a potion of mutation
 x - 4 potions of might
 C - 5 potions of lignification
 D - 8 potions of brilliance
 I - 3 potions of invisibility
 J - 3 potions of cancellation
 K - 10 potions of heal wounds
 O - 5 potions of resistance
 R - 4 potions of magic
Miscellaneous
 h - a condenser vane
   (You found it in the Desolation of Salt)
 S - a phial of floods
   (You found it on level 5 of the Lair of Beasts)
 U - a phantom mirror
   (You found it on level 1 of the Vaults)
 Y - a lightning rod (4/4)
   (You found it on level 2 of the Vaults)


   Skills:
 + Level 25.7 Fighting
 - Level 7.0(15.4) Axes
 - Level 19.6(20.0) Polearms
 - Level 20.0 Armour
 - Level 20.0 Dodging
 - Level 15.0 Spellcasting
 - Level 20.0 Translocations
 - Level 10.0 Invocations


You had 38 spell levels left.
You knew the following spells:

 Your Spells              Type           Power      Damage    Failure   Level
a - Apportation           Tloc           100%       N/A       0%          1
b - Teleport Other        Tloc           55%        N/A       0%          3
c - Dispersal             Tloc           27%        N/A       1%          6
d - Blink                 Tloc           100%       N/A       0%          2
e - Manifold Assault      Tloc           55%        N/A       0%          4
f - Lesser Beckoning      Tloc           100%       N/A       0%          2

Your spell library contained the following spells:

 Spells                   Type           Power      Damage    Failure   Level
 Gell's Gravitas          Tloc           55%        N/A       0%          3
 Momentum Strike          Conj/Tloc      66%        3d9       1%          2
 Volatile Blastmotes      Fire/Tloc      66%        2d15      1%          3
 Dimensional Bullseye     Hex/Tloc       16%        N/A       1%          4
 Summon Forest            Summ/Tloc      16%        N/A       3%          5
 Foxfire                  Conj/Fire      36%        2x1d5     8%          1
 Freeze                   Ice            36%        1d5       8%          1
 Kiss of Death            Conj/Necr      36%        2d8       8%          1
 Magic Dart               Conj           36%        1d4       8%          1
 Necrotise                Necr           36%        1d5       8%          1
 Sandblast                Erth           18%        2d7       8%          1
 Slow                     Hex            36%        N/A       8%          1
 Call Imp                 Summ           18%        N/A       13%         2
 Cigotuvi's Dreadful Rot  Necr/Alch/Air  18%        N/A       13%         2
 Ensorcelled Hibernation  Hex/Ice        18%        N/A       13%         2
 Jinxbite                 Hex            18%        N/A       13%         2
 Mercury Vapours          Alch/Air       18%        N/A       13%         2
 Searing Ray              Conj           18%        2d5       13%         2
 Static Discharge         Conj/Air       18%        3-4/arc   13%         2
 Sublimation of Blood     Necr           9%         N/A       13%         2
 Call Canine Familiar     Summ           9%         N/A       26%         3
 Confusing Touch          Hex            9%         N/A       26%         3
 Dazzling Flash           Conj/Hex       18%        N/A       26%         3
 Frozen Ramparts          Ice            18%        1d3       26%         3
 Fugue of the Fallen      Necr           9%         N/A       26%         3
 Hailstorm                Conj/Ice       9%         3d6       26%         3
 Mephitic Cloud           Conj/Alch/Air  9%         N/A       26%         3
 Ozocubu's Armour         Ice            9%         N/A       26%         3
 Passwall                 Erth           9%         N/A       26%         3
 Sigil of Binding         Hex            9%         N/A       26%         3
 Stone Arrow              Conj/Erth      18%        3d8       26%         3
 Summon Ice Beast         Ice/Summ       9%         N/A       26%         3
 Swiftness                Air            9%         N/A       26%         3
 Vampiric Draining        Necr           9%         2d6       26%         3
 Airstrike                Air            4%         2d(1-17)  65%         4
 Anguish                  Hex/Necr       4%         N/A       65%         4
 Animate Armour           Summ/Erth      18%        N/A       65%         4
 Animate Dead             Necr           9%         N/A       65%         4
 Brom's Barrelling Bould  Conj/Erth      9%         2d3       65%         4
 Cause Fear               Hex            4%         N/A       65%         4
 Dispel Undead            Necr           9%         3d8       65%         4
 Fulminant Prism          Conj/Alch      4%         3d5       65%         4
 Ignite Poison            Fire/Alch      9%         N/A       65%         4
 Leda's Liquefaction      Alch/Erth      4%         N/A       65%         4
 Martyr's Knell           Necr/Summ      9%         N/A       65%         4
 Petrify                  Alch/Erth      9%         N/A       65%         4
 Sticky Flame             Fire/Alch      9%         2d5       65%         4
 Summon Blazeheart Golem  Fire/Summ      9%         N/A       65%         4
 Summon Lightning Spire   Summ/Air       9%         N/A       65%         4
 Alistair's Intoxication  Alch           6%         N/A       94%         5
 Arcjolt                  Conj/Air       4%         1d14      94%         5
 Borgnjor's Vile Clutch   Necr/Erth      4%         N/A       94%         5
 Fireball                 Conj/Fire      4%         3d4       94%         5
 Freezing Cloud           Conj/Ice/Air   4%         6-21      94%         5
 Irradiate                Conj/Alch      4%         3d13      94%         5
 Iskenderun's Battlesphe  Conj           9%         2d6       94%         5
 Metabolic Englaciation   Hex/Ice        4%         N/A       94%         5
 Summon Mana Viper        Hex/Summ       9%         N/A       94%         5
 Bombard                  Conj/Erth      4%         9d2       100%        6
 Conjure Ball Lightning   Conj/Air       4%         3x3d6     100%        6
 Eringya's Noxious Bog    Alch           4%         4d6       100%        6
 Plasma Beam              Fire/Air       4%         2x1d14    100%        6
 Sculpt Simulacrum        Ice/Alch       4%         N/A       100%        6
 Starburst                Conj/Fire      4%         6d4       100%        6
 Enfeeble                 Hex            4%         N/A       100%        7
 Monstrous Menagerie      Summ           4%         N/A       100%        7
 Orb of Destruction       Conj           4%         9d5       100%        7
 Spellforged Servitor     Conj/Summ      4%         N/A       100%        7
 Summon Hydra             Summ           4%         N/A       100%        7
 Infestation              Necr           4%         N/A       100%        8
 Maxwell's Capacitive Co  Air            4%         ∞         100%        8
 Death's Door             Necr           4%         N/A       100%        9


Dungeon Overview and Level Annotations

Branches:
Dungeon (15/15)            Temple (1/1) D:6            Lair (5/5) D:10
  Swamp (4/4) Lair:2       Spider (4/4) Lair:3        Slime (5/5) Lair:5
    Orc (2/2) D:11            Elf (3/3) Orc:2        Vaults (5/5) D:14
  Crypt (3/3) Vaults:3       Tomb (0/3) Crypt:3      Depths (4/4) D:15
    Zot (5/5) Depths:4    Ossuary (visited)          WizLab (visited)
Desolation (visited)

Altars:
Ashenzari
Cheibriados
Dithmenos
Elyvilon
Fedhas
Gozag
Hepliaklqana
Kikubaaqudgha
Makhleb
Nemelex Xobeh
Okawaru
Qazlal
Ru
Sif Muna
Trog
Uskayaw
Vehumet
Wu Jian
Xom
Yredelemnul
Zin
The Shining One
Beogh
Jiyva

Shops:
D:2 :   D:9 *   D:10 ([(*(   D:13 ?   D:14 *   Orc:2 [:**   Elf:1 [==   Elf:2 (
Vaults:1 [   Vaults:3 *   Vaults:4 [   Depths:3 *

Portals:
Hell: Depths:1 Depths:2 Depths:3 Depths:4
Abyss: Depths:3
Pandemonium: Orc:2 Depths:2
Ziggurat: Depths:4

Annotations:
D:3 2 runed translucent doors, gosagan's ghost, amateur AtWr
D:13 exclusion: orange crystal statue
Lair:2 exclusion: oklob plant
Lair:4 1 runed translucent door, Uveod's ghost, journeyman FeEE
Elf:2 2 runed translucent doors, croobank's ghost, adept FeSu
Crypt:2 1 runed translucent door, Uroast's ghost, veteran MiGl
Depths:3 20 runed translucent doors
Depths:4 exclusion: orange crystal statue


Innate Abilities, Weirdness & Mutations

Your life essence is reduced to manifest your ancestor. (-10% HP)
You can wield a second weapon in your off-hand.
It takes a long time for you to wield or remove held weapons.
Your first few attacks do less damage.
Attacking and casting redirects power from your legs.
You have supernaturally acute eyesight. (SInv)
You sometimes lose your temper in combat.
Armour fits poorly on your strangely shaped body.
You occasionally shout uncontrollably at your foes.
Your spells are a little easier to cast, but a little less powerful.
You expend magic power (3 MP) to strengthen your wands.


Message History

You hit the red draconian scorcher with the +7 trident "Qidodam".
The red draconian scorcher is moderately wounded.
You barely miss the red draconian scorcher with the +12 demon trident of Embarrassment.
Intij hits the red draconian scorcher with a +0 broad axe of speed.
The red draconian scorcher breathes fire at you.
The searing blast hits Intij!
Intij resists.
The searing blast is repelled.
Intij hits the red draconian scorcher with a +0 broad axe of speed.
You reach to attack!
You catch the helpless red draconian scorcher completely off-guard!
You puncture the red draconian scorcher with the +12 demon trident of Embarrassment!
The red draconian scorcher is heavily wounded.
You puncture the red draconian scorcher with the +7 trident "Qidodam"!
Intij hits the red draconian scorcher with a +0 broad axe of speed!
The red draconian scorcher points at you and mumbles some strange words.
The sphere of damnation explodes!
The damnation engulfs you!!
The damnation engulfs Intij!!
You hear a deafening roar!
You reach to attack!
You miss the red draconian scorcher with the +7 trident "Qidodam".
The red draconian scorcher is almost dead.
You puncture the red draconian scorcher with the +12 demon trident of Embarrassment!
You kill the red draconian scorcher!
No target in view!
No target in view!
You start resting.
You are no longer unable to travel.
You start resting.
Intij is no longer moving quickly.
HP restored.
You start resting.
You feel yourself speed up.
There is a stone staircase leading up here.
You start resting.
You recover from your berserk rage.
You start resting.
Ancestor HP restored.
Okay, then.
You start resting.
Magic restored.
Okay, then.
You see here a shadow dragon skeleton.
Things that are here:
a +0 dagger; a +1 cloak; a +0 cloak A red draconian comes into view.
It is wielding a +0 halberd.
The storm dragon roars deafeningly!
Space momentarily warps into an impossible shape!
You puncture the storm dragon with the +12 demon trident of Embarrassment!
You hit the storm dragon but do no damage.
You puncture the red draconian with the +12 demon trident of Embarrassment!
You impale the red draconian with the +7 trident "Qidodam"!!
The storm dragon breathes lightning at you.
The bolt of lightning hits you!!
Space momentarily warps into an impossible shape!
You puncture the storm dragon with the +7 trident "Qidodam"!
You hit the storm dragon with the +12 demon trident of Embarrassment.
You puncture the red draconian with the +12 demon trident of Embarrassment!
You puncture the red draconian with the +7 trident "Qidodam"!
Space momentarily warps into an impossible shape!
You hit the red draconian with the +12 demon trident of Embarrassment.
You hit the red draconian with the +7 trident "Qidodam".
You puncture the storm dragon with the +7 trident "Qidodam"!
You hit the storm dragon with the +12 demon trident of Embarrassment.
Space momentarily warps into an impossible shape!
You impale the storm dragon with the +12 demon trident of Embarrassment!!
A red film seems to cover your vision as you go berserk!
You feel yourself moving faster!
You feel mighty!
You hit the storm dragon but do no damage.
You closely miss the red draconian with the +12 demon trident of Embarrassment.
You closely miss the red draconian with the +7 trident "Qidodam".
You are too berserk!
You reach to attack!
You barely miss the red draconian with the +7 trident "Qidodam".
The red draconian is severely wounded.
You puncture the red draconian with the +12 demon trident of Embarrassment!
You reach to attack!
You closely miss the red draconian with the +7 trident "Qidodam".
The red draconian is severely wounded.
You impale the red draconian with the +12 demon trident of Embarrassment!!
You reach to attack!
You impale the red draconian with the +12 demon trident of Embarrassment!!
You kill the red draconian!
You are no longer unable to travel.
The storm dragon breathes lightning at you.
The bolt of lightning is repelled.
The bolt of lightning misses Intij.
The bolt of lightning hits Intij!!
Intij casts a spell.
Intij seems to speed up.
You feel a strong urge to attack something.
Things that are here:
a +0 short sword; a red draconian corpse You puncture the storm dragon with the +12 demon trident of Embarrassment!
The storm dragon is severely wounded.
You skewer the storm dragon like a kebab with the +7 trident "Qidodam"!!!
You kill the storm dragon!
No target in view!
No target in view!
You start resting.
You are no longer unable to travel.
You start resting.
You feel a strong urge to attack something.
You start resting.
You are no longer berserk.
You are exhausted.
You feel yourself slow down.
You start resting.
HP restored.
You start resting.
Ancestor HP restored.
You start resting.
Intij is no longer moving quickly.
You feel yourself speed up.
You start resting.
Magic restored.
You recover from your berserk rage.
A Killer Klown and a moth of wrath come into view.
The Killer Klown is wielding a +10 heavy club.
The Killer Klown shouts!
The Killer Klown moves out of view.
Things that are here:
a +12 vampiric club; a Killer Klown skeleton Space momentarily warps into an impossible shape!
You impale the moth of wrath with the +12 demon trident of Embarrassment!!
You puncture the moth of wrath with the +7 trident "Qidodam"!
Intij mumbles some strange words.
Intij seems to speed up.
Space momentarily warps into an impossible shape!
You barely miss the moth of wrath with the +7 trident "Qidodam".
You spit the moth of wrath like a pig with the +12 demon trident of Embarrassment!!!
You kill the moth of wrath!
You impale the Killer Klown with the +12 demon trident of Embarrassment!!
You completely miss the Killer Klown with the +7 trident "Qidodam".
Space momentarily warps into an impossible shape!
You impale the Killer Klown with the +12 demon trident of Embarrassment!!
You puncture the Killer Klown with the +7 trident "Qidodam"!
You hear a deafening roar!
The Killer Klown pies you viciously!
Intij blocks the klown pie with their +0 tower shield of reflection... and reflects it back!
The klown pie hits the Killer Klown!!
Cherry!
The Killer Klown looks more vulnerable to fire.
Intij hits the Killer Klown with a +0 broad axe of speed!
Space momentarily warps into an impossible shape!
You impale the Killer Klown with the +12 demon trident of Embarrassment!!
You impale the Killer Klown with the +7 trident "Qidodam"!!
Intij blocks the Killer Klown's attack.
Space momentarily warps into an impossible shape!
You puncture the Killer Klown with the +12 demon trident of Embarrassment!
You barely miss the Killer Klown with the +7 trident "Qidodam".
Intij barely misses the Killer Klown.
Space momentarily warps into an impossible shape!
You perforate the Killer Klown like a sieve with the +12 demon trident of Embarrassment!!!
You kill the Killer Klown!
You start resting.
You are no longer unable to travel.
You start resting.
A Killer Klown comes into view. It is wielding a +10 antimagic club.
Space momentarily warps into an impossible shape!
You hit the Killer Klown with the +7 trident "Qidodam".
You impale the Killer Klown with the +12 demon trident of Embarrassment!!
The Killer Klown smiles at you.
Intij blocks the Killer Klown's attack.
Space momentarily warps into an impossible shape!
You puncture the Killer Klown with the +12 demon trident of Embarrassment!
You puncture the Killer Klown with the +7 trident "Qidodam"!
Intij hits the Killer Klown with a +0 broad axe of speed.
The Killer Klown pies you viciously!
The klown pie hits Intij!!
Blueberry!
Intij loses the ability to speak.
You are no longer unable to travel.
Intij completely misses the Killer Klown.
Intij closely misses the Killer Klown.
The Killer Klown teases Intij but does no damage.
Intij closely misses the Killer Klown.
The Killer Klown pies you viciously!
The klown pie hits Intij!!
Cherry!
Intij looks more vulnerable to fire.
Intij hits the Killer Klown with a +0 broad axe of speed.
You reach to attack!
You puncture the Killer Klown with the +7 trident "Qidodam"!
The Killer Klown is heavily wounded.
You puncture the Killer Klown with the +12 demon trident of Embarrassment!
Intij blocks the Killer Klown's attack.
You reach to attack!
You stick the Killer Klown like a pincushion with the +12 demon trident of Embarrassment!!!
The Killer Klown is almost dead.
You hit the Killer Klown with the +7 trident "Qidodam".
You hear a shout!
You hear a deafening roar!
Intij is no longer mute.
Intij hits the Killer Klown with a +0 broad axe of speed!
Intij blocks the Killer Klown's attack.
You reach to attack!
You hit the Killer Klown but do no damage.
The Killer Klown is almost dead.
You puncture the Killer Klown with the +7 trident "Qidodam"!
You kill the Killer Klown!
An orb of fire comes into view.
You are no longer unable to travel.
The orb of fire glows yellow.
The bolt of fire hits Intij!!!!
Intij is destroyed!
The bolt of fire hits you! You resist.
You feel yourself speed up.
You feel very mighty all of a sudden.
A golden dragon comes into view.
You reach to attack!
You impale the orb of fire with the +7 trident "Qidodam"!!
The orb of fire is lightly damaged.
You miss the orb of fire with the +12 demon trident of Embarrassment.
The orb of fire glows deep purple.
Strange energies course through your body.
Your connection to magic feels subdued.
You reach to attack!
You hit the orb of fire but do no damage.
The orb of fire is lightly damaged.
You impale the orb of fire with the +12 demon trident of Embarrassment!!
You reach to attack!
You impale the orb of fire with the +12 demon trident of Embarrassment!!
The orb of fire is heavily damaged.
You closely miss the orb of fire with the +7 trident "Qidodam".
You barely miss the orb of fire with the +12 demon trident of Embarrassment.
The orb of fire is heavily damaged.
You impale the orb of fire with the +7 trident "Qidodam"!!
You hit the orb of fire with the +12 demon trident of Embarrassment.
The orb of fire is severely damaged.
You impale the orb of fire with the +7 trident "Qidodam"!!
You barely miss the orb of fire with the +7 trident "Qidodam".
The orb of fire is almost destroyed.
You impale the orb of fire with the +12 demon trident of Embarrassment!!
You closely miss the orb of fire with the +12 demon trident of Embarrassment.
The orb of fire is almost destroyed.
You hit the orb of fire but do no damage.
You closely miss the orb of fire with the +12 demon trident of Embarrassment.
The orb of fire is almost destroyed.
You puncture the orb of fire with the +7 trident "Qidodam"!
You destroy the orb of fire!
Your Fighting skill increases to level 25!
You are no longer unable to travel.
An ancient lich and an orb of fire come into view.
Things that are here:
a +12 vampiric club; a Killer Klown skeleton You reach to attack!
You miss the orb of fire with the +12 demon trident of Embarrassment.
You closely miss the orb of fire with the +7 trident "Qidodam".
You barely miss the orb of fire with the +7 trident "Qidodam".
You miss the orb of fire with the +12 demon trident of Embarrassment.
The orb of fire glows bright magenta.
The fireball explodes!
The fireball engulfs you but does no damage.
The fireball engulfs the orb of fire.
The orb of fire completely resists.
You hit the orb of fire with the +7 trident "Qidodam".
The orb of fire is lightly damaged.
You stick the orb of fire like a pincushion with the +12 demon trident of Embarrassment!!!
You puncture the orb of fire with the +12 demon trident of Embarrassment!
The orb of fire is heavily damaged.
You impale the orb of fire with the +7 trident "Qidodam"!!
The golden dragon breathes fire at you.
The bolt of fire hits the orb of fire.
The orb of fire completely resists.
The bolt of fire hits you! You resist.
The orb of fire glows deep purple.
The fireball explodes!
The fireball engulfs you. You resist.
The fireball engulfs the orb of fire.
The orb of fire completely resists.
You impale the orb of fire with the +7 trident "Qidodam"!!
The orb of fire is severely damaged.
You impale the orb of fire with the +12 demon trident of Embarrassment!!
You impale the orb of fire with the +7 trident "Qidodam"!!
You destroy the orb of fire!
You reach to attack!
You puncture the golden dragon with the +7 trident "Qidodam"!
The golden dragon is lightly wounded.
You hit the golden dragon but do no damage.
You puncture the golden dragon with the +12 demon trident of Embarrassment!
The golden dragon is moderately wounded.
You puncture the golden dragon with the +7 trident "Qidodam"!
You puncture the golden dragon with the +7 trident "Qidodam"!
The golden dragon is heavily wounded.
You impale the golden dragon with the +12 demon trident of Embarrassment!!
The ancient lich mumbles some strange words.
The ancient lich seems to speed up.
The golden dragon bites you but does no damage.
The golden dragon closely misses you.
The golden dragon tramples you but does no damage.
You puncture the golden dragon with the +12 demon trident of Embarrassment!
The golden dragon is severely wounded.
You impale the golden dragon with the +7 trident "Qidodam"!!
You hit the golden dragon but do no damage.
The golden dragon is almost dead.
You impale the golden dragon with the +12 demon trident of Embarrassment!!
You kill the golden dragon!
You puncture the ancient lich with the +12 demon trident of Embarrassment!
The ancient lich is lightly damaged.
You hit the ancient lich with the +7 trident "Qidodam".
The ancient lich convulses.
The ancient lich casts a spell at you. The bolt of acid misses you.
You hit the ancient lich with the +12 demon trident of Embarrassment.
The ancient lich is lightly damaged.
You hit the ancient lich with the +7 trident "Qidodam".
The ancient lich convulses!
You hit the ancient lich but do no damage.
The ancient lich is moderately damaged.
You impale the ancient lich with the +12 demon trident of Embarrassment!!
The ancient lich closely misses you.
You impale the ancient lich with the +12 demon trident of Embarrassment!!
The ancient lich is almost destroyed.
You hit the ancient lich with the +7 trident "Qidodam".
The ancient lich convulses.
You hit the ancient lich but do no damage.
The ancient lich is almost destroyed.
You impale the ancient lich with the +12 demon trident of Embarrassment!!
You destroy the ancient lich!
No target in view!
No target in view!
You cannot move.
You are no longer unable to travel.
Things that are here:
a +10 antimagic club; a +10 heavy club; a Killer Klown corpse You see here a moth of wrath corpse.
An Orb Guardian comes into view.
You reach to attack!
You hit the Orb Guardian but do no damage.
You impale the Orb Guardian with the +12 demon trident of Embarrassment!!
You reach to attack!
You puncture the Orb Guardian with the +7 trident "Qidodam"!
The Orb Guardian is heavily wounded.
You puncture the Orb Guardian with the +12 demon trident of Embarrassment!
You skewer the Orb Guardian like a kebab with the +12 demon trident of Embarrassment!!!
You kill the Orb Guardian!
You reach to attack!
You impale the Orb Guardian with the +12 demon trident of Embarrassment!!
The Orb Guardian is moderately wounded.
You puncture the Orb Guardian with the +7 trident "Qidodam"!
You reach to attack!
You hit the Orb Guardian with the +12 demon trident of Embarrassment.
The Orb Guardian is heavily wounded.
You impale the Orb Guardian with the +7 trident "Qidodam"!!
You impale the Orb Guardian with the +12 demon trident of Embarrassment!!
You kill the Orb Guardian!
No target in view!
You cannot move.
You are no longer unable to travel.
Your extra speed is starting to run out.
An Orb Guardian comes into view.
You feel yourself slow down.
You start resting.
Intij emerges from the mists of memory!
No target in view!
No target in view!
You swap places.
Intij hits the Orb Guardian with a +0 broad axe of speed!
You swap places.
The Orb Guardian hits you but does no damage.
You miss the Orb Guardian with the +7 trident "Qidodam".
The Orb Guardian is lightly wounded.
You puncture the Orb Guardian with the +12 demon trident of Embarrassment!
The Orb Guardian misses you.
You impale the Orb Guardian with the +12 demon trident of Embarrassment!!
The Orb Guardian is severely wounded.
You barely miss the Orb Guardian with the +7 trident "Qidodam".
The Orb Guardian hits you but does no damage.
You impale the Orb Guardian with the +7 trident "Qidodam"!!
The Orb Guardian is almost dead.
You puncture the Orb Guardian with the +12 demon trident of Embarrassment!
The Orb Guardian completely misses you.
You puncture the Orb Guardian with the +7 trident "Qidodam"!
You kill the Orb Guardian!
No target in view!
You start resting.
You are no longer unable to travel.
You start resting.
You feel a little less mighty now.
You start resting.
A moth of wrath comes into view.
You reach to attack!
You hit the moth of wrath with the +7 trident "Qidodam".
The moth of wrath is lightly wounded.
You puncture the moth of wrath with the +12 demon trident of Embarrassment!
Intij blocks the moth of wrath's attack.
You reach to attack!
You puncture the moth of wrath with the +12 demon trident of Embarrassment!
The moth of wrath is heavily wounded.
You impale the moth of wrath with the +7 trident "Qidodam"!!
Intij hits the moth of wrath with a +0 broad axe of speed!!
The moth of wrath dies!
No target in view!
No target in view!
You start resting.
You are no longer unable to travel.
You start resting.
Magic restored.
You swap places.
An Orb Guardian comes into view.
You swap places.
An Orb Guardian comes into view.
An Orb Guardian comes into view.
Intij casts a spell.
Intij seems to speed up.
The Orb Guardian misses you.
You hit the Orb Guardian but do no damage.
You completely miss the Orb Guardian with the +12 demon trident of Embarrassment.
The Orb Guardian completely misses you.
You hit the Orb Guardian with the +7 trident "Qidodam".
The Orb Guardian is lightly wounded.
You puncture the Orb Guardian with the +12 demon trident of Embarrassment!
You impale the Orb Guardian with the +12 demon trident of Embarrassment!!
The Orb Guardian is moderately wounded.
You puncture the Orb Guardian with the +7 trident "Qidodam"!
The Orb Guardian hits you!!
Intij hits the Orb Guardian with a +0 broad axe of speed!
You impale the Orb Guardian with the +12 demon trident of Embarrassment!!
The Orb Guardian is almost dead.
You closely miss the Orb Guardian with the +7 trident "Qidodam".
The Orb Guardian hits you!
Intij misses the Orb Guardian.
You puncture the Orb Guardian with the +7 trident "Qidodam"!
You kill the Orb Guardian!
You are no longer unable to travel.
Intij hits the Orb Guardian with a +0 broad axe of speed!!
You miss the Orb Guardian with the +7 trident "Qidodam".
The Orb Guardian is moderately wounded.
You hit the Orb Guardian but do no damage.
Intij hits the Orb Guardian but does no damage.
You closely miss the Orb Guardian with the +7 trident "Qidodam".
The Orb Guardian is moderately wounded.
You miss the Orb Guardian with the +12 demon trident of Embarrassment.
The Orb Guardian hits you!!
Intij closely misses the Orb Guardian.
You impale the Orb Guardian with the +7 trident "Qidodam"!!
The Orb Guardian is heavily wounded.
You puncture the Orb Guardian with the +12 demon trident of Embarrassment!
The Orb Guardian hits you!!
Intij hits the Orb Guardian but does no damage.
You puncture the Orb Guardian with the +7 trident "Qidodam"!
The Orb Guardian is almost dead.
You puncture the Orb Guardian with the +12 demon trident of Embarrassment!
An Orb Guardian comes into view.
The Orb Guardian hits you!
You are too injured to fight recklessly!
You are too injured to fight recklessly!
You are too injured to fight recklessly!
Reach: G) +12 demon trident of Embarrassment {pain, MP+9}
Press: ? - help, Dir - move target, f - Orb Guardian
Aim: an Orb Guardian (almost dead, ally target, about 23% to evade the +12 demon trident of Embarrassment)
A red film seems to cover your vision as you go berserk!
You feel yourself moving faster!
You feel mighty!
You impale the Orb Guardian with the +12 demon trident of Embarrassment!!
You kill the Orb Guardian!
You cannot move.
You cannot move.
You cannot move.
You cannot move.
You feel a strong urge to attack something.
You are no longer unable to travel.
Intij hits the Orb Guardian with a +0 broad axe of speed!
You feel your anger nearly subside.
You are no longer berserk.
You are exhausted.
You feel yourself slow down.
Intij barely misses the Orb Guardian.
You impale the Orb Guardian with the +7 trident "Qidodam"!!
The Orb Guardian is heavily wounded.
You puncture the Orb Guardian with the +12 demon trident of Embarrassment!
An Orb Guardian comes into view.
The Orb Guardian completely misses you.
You hit the Orb Guardian but do no damage.
The Orb Guardian is severely wounded.
You hit the Orb Guardian with the +12 demon trident of Embarrassment.
Intij hits the Orb Guardian with a +0 broad axe of speed!
The Orb Guardian misses you.
Intij hits the Orb Guardian with a +0 broad axe of speed.
You hit the Orb Guardian with the +12 demon trident of Embarrassment.
The Orb Guardian is almost dead.
You puncture the Orb Guardian with the +7 trident "Qidodam"!
You kill the Orb Guardian!
You cannot move.
You cannot move.
You are no longer unable to travel.
Intij barely misses the Orb Guardian.
The Orb Guardian hits Intij!!
Intij barely misses the Orb Guardian.
The Orb Guardian hits Intij!!
Intij hits the Orb Guardian with a +0 broad axe of speed!
Intij hits the Orb Guardian with a +0 broad axe of speed!!
The Orb Guardian hits Intij!!
Intij hits the Orb Guardian with a +0 broad axe of speed.
Intij barely misses the Orb Guardian.
Intij closely misses the Orb Guardian.
You reach to attack!
You impale the Orb Guardian with the +12 demon trident of Embarrassment!!
The Orb Guardian is almost dead.
You miss the Orb Guardian with the +7 trident "Qidodam".
You impale the Orb Guardian with the +7 trident "Qidodam"!!
You kill the Orb Guardian!
No target in view!
No target in view!
You start resting.
You are no longer unable to travel.
You start resting.
Intij is no longer moving quickly.
HP restored.
You start resting.
You feel yourself speed up.
You swap places.
You recover from your berserk rage. 2 Orb Guardians come into view.
Found the Orb of Zot and a book of Callings.
The Orb Guardian moves out of view.
Intij mumbles some strange words.
Intij seems to speed up.
You reach to attack!
You impale the Orb Guardian with the +12 demon trident of Embarrassment!!
The Orb Guardian is moderately wounded.
You hit the Orb Guardian but do no damage.
Intij hits the Orb Guardian with a +0 broad axe of speed.
You reach to attack!
You impale the Orb Guardian with the +12 demon trident of Embarrassment!!
The Orb Guardian is heavily wounded.
You barely miss the Orb Guardian with the +7 trident "Qidodam".
Intij hits the Orb Guardian with a +0 broad axe of speed!
Intij blocks the Orb Guardian's attack.
You reach to attack!
You hit the Orb Guardian but do no damage.
The Orb Guardian is severely wounded.
You miss the Orb Guardian with the +12 demon trident of Embarrassment.
Intij blocks the Orb Guardian's attack.
Intij hits the Orb Guardian with a +0 broad axe of speed!
You reach to attack!
You impale the Orb Guardian with the +12 demon trident of Embarrassment!!
You kill the Orb Guardian!
Intij blocks the Orb Guardian's attack.
You are no longer unable to travel.
Intij hits the Orb Guardian but does no damage.
Intij blocks the Orb Guardian's attack.
Intij hits the Orb Guardian with a +0 broad axe of speed.
Intij barely misses the Orb Guardian.
The Orb Guardian hits Intij!!!
Intij blocks the Orb Guardian's attack.
Intij hits the Orb Guardian with a +0 broad axe of speed! x2
Intij blocks the Orb Guardian's attack. x2
You reach to attack!
You impale the Orb Guardian with the +12 demon trident of Embarrassment!!
The Orb Guardian is heavily wounded.
You impale the Orb Guardian with the +7 trident "Qidodam"!!
Intij hits the Orb Guardian with a +0 broad axe of speed.
Intij barely misses the Orb Guardian.
The Orb Guardian hits Intij.
You reach to attack!
You barely miss the Orb Guardian with the +12 demon trident of Embarrassment.
The Orb Guardian is severely wounded.
You puncture the Orb Guardian with the +7 trident "Qidodam"!
The Orb Guardian hits Intij but does no damage.
Intij hits the Orb Guardian with a +0 broad axe of speed. x2
The Orb Guardian hits Intij!!
You reach to attack!
You barely miss the Orb Guardian with the +12 demon trident of Embarrassment.
The Orb Guardian is almost dead.
You completely miss the Orb Guardian with the +7 trident "Qidodam".
Intij blocks the Orb Guardian's attack.
Intij hits the Orb Guardian with a +0 broad axe of speed! x2
You reach to attack!
You hit the Orb Guardian with the +7 trident "Qidodam".
You kill the Orb Guardian!
The Orb Guardian hits Intij!!
Intij barely misses the Orb Guardian.
You reach to attack!
You puncture the Orb Guardian with the +7 trident "Qidodam"!
The Orb Guardian is heavily wounded.
You puncture the Orb Guardian with the +12 demon trident of Embarrassment!
Intij hits the Orb Guardian with a +0 broad axe of speed!!
The Orb Guardian hits Intij but does no damage.
You reach to attack!
You puncture the Orb Guardian with the +12 demon trident of Embarrassment!
The Orb Guardian is almost dead.
You puncture the Orb Guardian with the +7 trident "Qidodam"!
You kill the Orb Guardian!
No target in view!
No target in view!
You start resting.
You are no longer unable to travel.
You start resting.
An Orb Guardian comes into view.
Intij hits the Orb Guardian with a +0 broad axe of speed!
You reach to attack!
You hit the Orb Guardian with the +7 trident "Qidodam".
The Orb Guardian is moderately wounded.
You puncture the Orb Guardian with the +12 demon trident of Embarrassment!
Intij hits the Orb Guardian with a +0 broad axe of speed!
Intij blocks the Orb Guardian's attack.
You reach to attack!
You hit the Orb Guardian with the +7 trident "Qidodam".
The Orb Guardian is heavily wounded.
You hit the Orb Guardian but do no damage.
Intij blocks the Orb Guardian's attack.
Intij hits the Orb Guardian with a +0 broad axe of speed!
You reach to attack!
You hit the Orb Guardian but do no damage.
The Orb Guardian is severely wounded.
You completely miss the Orb Guardian with the +7 trident "Qidodam".
Intij barely misses the Orb Guardian.
Intij blocks the Orb Guardian's attack.
You reach to attack!
You hit the Orb Guardian with the +7 trident "Qidodam".
The Orb Guardian is severely wounded.
You puncture the Orb Guardian with the +12 demon trident of Embarrassment!
Intij hits the Orb Guardian with a +0 broad axe of speed.
You reach to attack!
You closely miss the Orb Guardian with the +7 trident "Qidodam".
The Orb Guardian is almost dead.
You puncture the Orb Guardian with the +12 demon trident of Embarrassment!
You kill the Orb Guardian!
No target in view!
You start resting.
You are no longer unable to travel.
You start resting.
Intij is no longer moving quickly.
An Orb Guardian comes into view.
Intij hits the Orb Guardian with a +0 broad axe of speed!!
You reach to attack!
You puncture the Orb Guardian with the +7 trident "Qidodam"!
The Orb Guardian is heavily wounded.
You puncture the Orb Guardian with the +12 demon trident of Embarrassment!
Intij blocks the Orb Guardian's attack.
You reach to attack!
You hit the Orb Guardian but do no damage.
The Orb Guardian is heavily wounded.
You puncture the Orb Guardian with the +12 demon trident of Embarrassment!
Intij blocks the Orb Guardian's attack.
Intij hits the Orb Guardian with a +0 broad axe of speed!
You reach to attack!
A red film seems to cover your vision as you go berserk!
You feel yourself moving faster!
You feel mighty!
You strike the helpless Orb Guardian from behind!
You spit the Orb Guardian like a pig with the +12 demon trident of Embarrassment!!!
You kill the Orb Guardian!
No target in view!
You cannot move.
You cannot move.
You cannot move.
You feel a strong urge to attack something.
You are no longer unable to travel.
You feel your anger nearly subside.
An Orb Guardian comes into view.
Intij hits the Orb Guardian with a +0 broad axe of speed!!
You are no longer berserk.
You are exhausted.
You feel yourself slow down.
The Orb Guardian hits Intij but does no damage.
Intij casts a spell.
Intij seems to speed up.
The Orb Guardian hits Intij.
Intij barely misses the Orb Guardian.
The Orb Guardian completely misses Intij.
Intij hits the Orb Guardian with a +0 broad axe of speed.
Intij blocks the Orb Guardian's attack.
Intij hits the Orb Guardian with a +0 broad axe of speed!!
Intij blocks the Orb Guardian's attack.
Intij hits the Orb Guardian with a +0 broad axe of speed! x2
Intij misses the Orb Guardian.
The Orb Guardian enters a dispersal trap!
Intij blinks! x2
You blink.
The Orb Guardian blinks!
The Orb Guardian hits Intij!!
Intij barely misses the Orb Guardian.
The Orb Guardian hits Intij.
Intij misses the Orb Guardian.
Intij hits the Orb Guardian with a +0 broad axe of speed! x2
The Orb Guardian dies!
You start resting.
You feel yourself speed up.
You recover from your berserk rage.
Intij is no longer moving quickly.
You feel yourself speed up.
You see here the Orb of Zot.
You pick up the Orb of Zot!
The Orb lets out an ear-shattering shriek!
The lords of Pandemonium are not amused.
Beware!
Now all you have to do is get back out of the dungeon!
You hear a roar! x8
A rust devil comes into view.
Intij casts a spell.
Intij seems to speed up.
Intij hits the rust devil but does no damage.
Intij hits the rust devil with a +0 broad axe of speed.
A rust devil is nearby!
Things that are here:
a +10 antimagic club; a +10 heavy club; a Killer Klown skeleton
Things that are here:
a +12 vampiric club; a Killer Klown skeleton Your extra speed is starting to run out.
Intij blocks something's attack.
You feel yourself slow down.
Things that are here:
a +0 short sword; a red draconian skeleton
Things that are here:
a +0 dagger; a +1 cloak; a +0 cloak
There is a stone staircase leading up here.
You climb upwards.
There is a stone staircase leading down here.
A demonic crawler comes into view.
You can't go up here!
A demonic crawler is nearby!
Intij hits the demonic crawler with a +0 broad axe of speed!
Intij is no longer moving quickly.
The demonic crawler barely misses you.
The demonic crawler completely misses you.
The demonic crawler hits you but does no damage.
Intij barely misses the demonic crawler.
The demonic crawler attacks as it pursues you!
The demonic crawler closely misses you.
The demonic crawler completely misses you.
The demonic crawler hits you! The demonic crawler closely misses you.
The demonic crawler misses you. The demonic crawler closely misses you.
Things that are here:
quicksilver dragon scales; a quicksilver dragon skeleton
Things that are here:
+0 storm dragon scales; a quicksilver dragon skeleton; a storm dragon skeleton The demonic crawler hits you!
The demonic crawler hits you but does no damage.
The demonic crawler completely misses you.
There is a stone staircase leading up here.
You hit the demonic crawler but do no damage.
You impale the demonic crawler with the +12 demon trident of Embarrassment!!
You impale the demonic crawler with the +12 demon trident of Embarrassment!!
The demonic crawler is severely wounded.
You puncture the demonic crawler with the +7 trident "Qidodam"!
The demonic crawler convulses.
The demonic crawler hits you but does no damage.
The demonic crawler hits you. The demonic crawler closely misses you.
Intij hits the demonic crawler with a +0 broad axe of speed!
The demonic crawler dies!
You start resting.
You are no longer unable to travel.
You climb upwards.
There is a stone staircase leading down here.
HP restored.
There is a stone staircase leading up here.
You climb upwards.
There is a stone staircase leading down here.
There is a stone staircase leading up, spattered with blood here.
You climb upwards.
There is a stone staircase leading down here.
You see here a +0 spear.
An Orb Guardian comes into view.
Intij mumbles some strange words.
Intij seems to speed up.
Things that are here:
a +0 halberd; a purple draconian skeleton
Things that are here:
a +0 hand axe; a green draconian skeleton Intij hits the Orb Guardian with a +0 broad axe of speed!!
There is a fountain of clear blue water here.
You see here a +0 scimitar.
There is an open door, spattered with blood here.
Things that are here:
a +0 war axe; a green draconian skeleton Intij barely misses the Orb Guardian.
The Orb Guardian attacks as it pursues you!
The Orb Guardian hits you but does no damage.
The Orb Guardian closely misses you.
You see here a +0 glaive.
Intij hits the Orb Guardian with a +0 broad axe of speed!
The Orb Guardian barely misses you.
Intij misses the Orb Guardian.
The Orb Guardian hits you but does no damage.
Intij hits the Orb Guardian with a +0 broad axe of speed!!
The Orb Guardian attacks as it pursues you!
The Orb Guardian hits you but does no damage.
The Orb Guardian barely misses you.
Things that are here:
a +0 cloak; a +0 long sword; a purple draconian skeleton Intij hits the Orb Guardian with a +0 broad axe of speed.
The Orb Guardian hits Intij but does no damage.
Intij misses the Orb Guardian.
There is a gate leading back out of this place, spattered with blood here.
The Orb Guardian hits Intij but does no damage.
Intij hits the Orb Guardian with a +0 broad axe of speed.
The Orb Guardian hits Intij!!!
You go up through the gate.
Welcome back to the Depths!
Level annotation: exclusion: orange crystal statue
There is a gate to the Realm of Zot, spattered with blood here.
Intij is recalled.
Things that are here:
a +0 battleaxe; a red draconian skeleton A cacodemon and 2 orange demons come into view.
The orange demon screeches! x2
The cacodemon gestures at you.
Intij resists with almost no effort.
Intij hits the orange demon with a +0 broad axe of speed!
The orange demon closely misses Intij.
The orange demon hits Intij but does no damage.
Something stings Intij but does no damage.
Intij blocks something's attack.
There is a stone staircase leading up here.
You climb upwards.
Level annotation: 20 runed translucent doors
There is a stone staircase leading down here.
A glowing orange brain comes into view.
Intij is recalled.
Intij hits the glowing orange brain with a +0 broad axe of speed!!
Magic restored.
Things that are here:
a very ugly thing skeleton; a very ugly thing skeleton
Things that are here:
a +0 ring mail; a +3 glaive
There is an open door here.
There is a stone staircase leading up here.
Intij casts a spell.
Intij seems to speed up.
You climb upwards.
There is a stone staircase leading down, spattered with blood here.
Items here: ))) ÷.
Intij is recalled.
You swap places.
A tormentor comes into view.
The tormentor roars!
You swap places.
There is a stone staircase leading down, spattered with blood here.
Items here: ))) ÷.
There is an open door, spattered with blood here.
You start waiting.
A tormentor is nearby!
You reach to attack!
You hit the tormentor with the +12 demon trident of Embarrassment.
The tormentor is lightly wounded.
You closely miss the tormentor with the +7 trident "Qidodam".
Intij hits the tormentor with a +0 broad axe of speed.
Intij blocks the tormentor's attack. x2
You reach to attack!
You puncture the tormentor with the +12 demon trident of Embarrassment!
The tormentor is severely wounded.
You puncture the tormentor with the +7 trident "Qidodam"!
You kill the tormentor!
You are no longer unable to travel.
You can't go up here!
Things that are here:
a +0 ring mail; a +0 bardiche; a tengu skeleton
Things that are here:
a +0 great sword of flaming; a fire giant skeleton
Things that are here:
a +0 dire flail; a +0 heavy dire flail
There is an open door here.
There is a stone staircase leading up here.
You climb upwards.
There is a stone staircase leading down here.
A great orb of eyes comes into view.
The great orb of eyes bites you but does no damage.
Intij completely misses the great orb of eyes.
The great orb of eyes misses you.
Intij hits the great orb of eyes with a +0 broad axe of speed.
The great orb of eyes attacks as it pursues you!
The great orb of eyes misses you. The great orb of eyes gazes at you.
You resist with almost no effort.
Intij hits the great orb of eyes with a +0 broad axe of speed.
The great orb of eyes gazes at you. You resist with almost no effort.
Intij hits the great orb of eyes with a +0 broad axe of speed!!
The great orb of eyes gazes at you. You resist with almost no effort.
A great orb of eyes is nearby!
Intij hits the great orb of eyes with a +0 broad axe of speed!
The great orb of eyes bites Intij!
There is an open door here.
There is a staircase back to the Dungeon here.
You climb upwards.
Welcome back to the Dungeon!
There is a staircase to the Depths here.
Intij is recalled.
Ancestor HP restored.
Magic restored.
A hellion comes into view.
You can't go up here!
There is a stone staircase leading up here.
You climb upwards.
There is a stone staircase leading down here.
Intij is recalled.
Things that are here:
a +0 leather armour; a +0 war axe Magic restored.
You see here an ugly thing skeleton.
There is an escape hatch in the ceiling here.
A mysterious force pulls you upwards. The hatch slams shut behind you.
Level annotation: exclusion: orange crystal statue You swap places.
There is a stone staircase leading up, spattered with blood here.
You climb upwards.
There is a stone staircase leading down here.
There is an open door here.
There is an open door here.
There is a stone staircase leading up here.
You climb upwards.
There is a stone staircase leading down, spattered with blood here.
There is a stone staircase leading up here.
You climb upwards.
There is a stone staircase leading down here.
You see here a +0 dagger.
There is a stone staircase leading up here.
You climb upwards.
There is a stone staircase leading down here.
There is an open door here.
There is a stone staircase leading up here.
You climb upwards.
There is a stone staircase leading down here.
There is a stone staircase leading up here.
You climb upwards.
There is a stone staircase leading down here.
There is a stone staircase leading up here.
You climb upwards.
There is a stone staircase leading down here.
You swap places.
Things that are here:
a +0 leather armour; a +0 hand axe; an orc skeleton
Items here: ))) [[ ÷÷÷.
There is a stone staircase leading up here.
You climb upwards.
There is a stone staircase leading down here.
There is an escape hatch in the ceiling here.
A mysterious force pulls you upwards. The hatch slams shut behind you.
Aiming: Dig
Press: ? - help, Shift-Dir - straight line You can't see that place. [a rock wall.]
You feel a surge of power!
The rock shatters into small pieces.
You cannot move.
You cannot move.
You cannot move.
You are no longer unable to travel.
Magic restored.
There is a stone staircase leading up here.
You climb upwards.
Level annotation: 2 runed translucent doors, gosagan's ghost, amateur AtWr
There is a stone staircase leading down here.
There is a stone staircase leading up here.
You climb upwards.
There is a stone staircase leading down here.
A Brimstone Fiend comes into view.
You can't go up here!
You reach to attack!
You impale the Brimstone Fiend with the +12 demon trident of Embarrassment!!
The Brimstone Fiend is lightly wounded.
You puncture the Brimstone Fiend with the +7 trident "Qidodam"!
The Brimstone Fiend convulses!
You reach to attack!
You hit the Brimstone Fiend with the +12 demon trident of Embarrassment.
The Brimstone Fiend is moderately wounded.
You puncture the Brimstone Fiend with the +7 trident "Qidodam"!
The Brimstone Fiend convulses!
You reach to attack!
You hit the Brimstone Fiend with the +12 demon trident of Embarrassment.
The Brimstone Fiend is severely wounded.
You barely miss the Brimstone Fiend with the +7 trident "Qidodam".
Intij hits the Brimstone Fiend with a +0 broad axe of speed!!
You hit the Brimstone Fiend with the +12 demon trident of Embarrassment.
The Brimstone Fiend is almost dead.
You puncture the Brimstone Fiend with the +7 trident "Qidodam"!
You kill the Brimstone Fiend!
You cannot move.
You are no longer unable to travel.
You can't go up here!
There is an escape hatch in the ceiling here.
A mysterious force pulls you upwards. The hatch slams shut behind you.
Okay, then.
Okay, then.
Okay, then.
An angel comes into view. It is wielding a +1 whip of holy wrath.
You feel yourself speed up.
An angel is nearby!
The angel hits Intij with a +1 whip of holy wrath!!
Intij blocks the angel's attack.
Intij misses the angel.
Intij hits the angel with a +0 broad axe of speed!!
You see here a hobgoblin skeleton.
You yell at the endoplasm!
An endoplasm comes into view.
You impale the endoplasm with the +12 demon trident of Embarrassment!!
You kill the endoplasm!
You cannot move.
You cannot move.
You cannot move.
You cannot move.
You cannot move.
You cannot move.
You are no longer unable to travel.
There is an open door here. 2 smoke demons and 3 hellwings come into view.
You yell at the hellwing!
The smoke demon roars!
The hellwing gives a chilling moan.
The smoke demon roars!
The smoke demon gestures at you. The pyre arrow misses you.
There is a staircase leading out of the dungeon here.
Intij is recalled.
Intij hits the hellwing with a +0 broad axe of speed!
Intij hits the plant with a +0 broad axe of speed!!
The plant begins to die.
Intij blocks the hellwing's attack.
The hellwing hits Intij but does no damage.
What are your orders? t - Yell!
Orders for allies: a - Attack new target. r - Retreat! s - Stop attacking. g - Guard the area. f - Follow me.
Anything else - Cancel.
Follow me!
The hellwing hits the plant.
The hellwing hits the plant!
The hellwing completely misses you. The hellwing misses you.
The smoke demon completely misses you.
The smoke demon hits you but does no damage. x2
The smoke demon hits the plant!
The smoke demon hits the plant. x2
The angel hits Intij with a +1 whip of holy wrath!
The angel hits Intij but does no damage.
The hellwing hits the plant. x2; The hellwing misses you.
The hellwing barely misses you. The smoke demon gestures at you.
Something smites you!
You have escaped!

##.# #.# #..........####
##.###########.####.##..######
## .^..................###.# ##.
##..##########.###### ### ###..
##.# #..# #.A.. #.# ##'## ##.##.
#.# #~..♣♣ ######÷)... #.###
#~...♣♣ ##A......### #...#
#~..4@♣ ###..#..#### ###.##
#≈..3R♣##...##.## #..#
#≈~4PA♣#.......#
##>#####A~~43.#.#######
#.....#.~~~..'.#
####..#.~P~.P#.##
####..'.~.~~.#..## #####
#####.....#.~PP~≈##..#### #...#
##.....#...#.~≈PP~###....###...#


You could see the friendly Intij the knight (reflecting), a profane servitor, an
angel, 3 hellwings and 2 smoke demons.

Vanquished Creatures
  the Royal Jelly (Slime:5)
  2 dread liches
  6 orbs of fire (Zot:5)
  An ancient lich (Zot:5)
  Bai Suzhen (Swamp:3)
  3 Killer Klowns (Zot:5)
  Boris (thrice) (Vaults:4 Crypt:3 Vaults:5)
  Vv (Crypt:2)
  3 curse toes
  the Lernaean hydra (Swamp:4)
  10 golden dragons
  Saint Roka (Crypt:1)
  2 doom hounds (Zot:2)
  4 bone dragons
  A Brimstone Fiend (D:2)
  15 tentacled monstrosities
  19 Orb Guardians (Zot:5)
  3 liches
  Asterion (Spider:3)
  A quicksilver dragon (Zot:4)
  A walking earthen tome (Depths:1)
  Grunn (Zot:2)
  A deep elf blademaster (Elf:3)
  11 titans
  3 deep elf master archers (Elf:3)
  2 walking divine tomes
  13 acid blobs
  5 death cobs
  4 sphinxes
  4 tengu reavers
  7 ancient champions
  4 shadow dragons
  Kirke (Elf:1)
  6 tentacled starspawn
  Donald (Swamp:3)
  13 fire giants
  13 storm dragons
  6 azure jellies
  3 revenants
  3 draconian monks
  A daeva (Abyss:1)
  3 protean progenitors
  Roxanne (Swamp:3)
  12 frost giants
  5 rockslimes
  17 vault wardens
  3 emperor scorpions
  A draconian knight (Zot:3)
  An iron dragon (Depths:3)
  7 deep elf elementalists
  8 deep elf sorcerers
  5 draconian scorchers
  4 ghost moths
  6 draconian stormcallers
  2 imperial myrmidons (Desolation)
  2 draconian shifters (Zot:1)
  2 reapers
  9 ghouls
  An orc warlord (Vaults:4)
  An angel (Abyss:2)
  3 draconian annihilators
  4 formless jellyfish
  A caustic shrike skeleton (Crypt:3)
  11 ironbound preservers
  A spriggan defender (Depths:3)
  10 quicksilver oozes
  19 very ugly things
  3 eleionomae
  4 deep elf demonologists
  A broodmother (Spider:4)
  7 deep elf annihilators
  6 black draconians
  12 stone giants
  9 deep elf death magi
  2 bunyips
  6 vampire knights
  5 green draconians
  7 white draconians
  9 ironbound thunderhulks
  2 halazid warlocks (Desolation)
  8 red draconians
  5 yellow draconians
  4 dire elephants (Vaults:1)
  2 war gargoyles
  5 purple draconians
  5 starcursed masses
  9 spark wasps
  The ghost of Biggs the Ripper, a journeyman FeSh of Wu Jian (Swamp:1)
  5 eidola
  A blizzard demon (Abyss:3)
  9 ettins
  5 jiangshi
  A merfolk impaler (Abyss:3)
  3 fire dragons
  4 mummy priests
  7 entropy weavers
  A crystal guardian (Vaults:1)
  4 deep elf high priests
  14 yaktaur captains
  5 ragged hierophants (Desolation)
  3 servants of whispers (Desolation)
  A rakshasa (Depths:3)
  2 shambling mangroves
  14 hydras
  24 vault guards
  5 great orbs of eyes
  5 ice dragons
  10 alligators
  6 ironbound frosthearts
  3 peacekeepers
  A jorogumo (Spider:2)
  A hell beast (Depths:2)
  An ogre mage (Vaults:5)
  A catoblepas (Lair:4)
  7 spriggan air magi
  2 radroaches
  A sphinx zombie (Crypt:1)
  9 boulder beetles
  7 deep troll shamans
  3 demonspawn (Orc:2)
  2 death knights
  19 dancing weapons
  7 centaur warriors
  10 two-headed ogres
  4 deep troll earth magi
  7 orc high priests
  2 tengu warriors
  4 vampire magi
  A hell hog (Abyss:2)
  A titan zombie (Depths:1)
  7 thrashing horrors
  2 occultists
  4 spriggan berserkers
  3 demonic crawlers
  Urug (Lair:2)
  9 hell knights
  6 soul eaters
  7 deep elf knights
  A sun demon (Abyss:3)
  A shadow wraith (D:14)
  6 wretched stars
  A spatial maelstrom (Abyss:2)
  A skyshark (Lair:2)
  7 iron trolls
  3 pharaoh ants
  A sixfirhy (Abyss:2)
  42 skeletal warriors
  52 deep trolls
  5 goliath frogs
  11 large abominations
  2 spark wasp zombies
  6 flayed ghosts
  4 orb spiders
  A shadow dragon zombie (WizLab)
  3 glowing orange brains
  10 bog bodies
  An iron giant skeleton (Crypt:2)
  5 swamp dragons
  A golden dragon skeleton (Crypt:1)
  10 phantasmal warriors
  9 lindwurms
  8 orc knights
  A steelbarb worm (Spider:3)
  20 ironbound convokers
  6 arcanists
  20 deep elf pyromancers
  3 lightning spires (Abyss:3)
  7 deep elf archers
  25 deep elf zephyrmancers
  A harpy (shapeshifter) (Abyss:2)
  8 orc sorcerers
  9 necromancers
  2 fire giant zombies (WizLab)
  A tengu skeleton (Vaults:1)
  4 will-o-the-wisps
  4 shining eyes (Slime:5)
  A cyclops (D:13)
  A manticore (shapeshifter) (Depths:1)
  17 wolf spiders
  11 meliai
  A fire giant skeleton (Depths:1)
  34 ugly things
  24 moths of wrath
  14 vault sentinels
  20 elephants
  A rust devil (Abyss:1)
  9 black mambas
  A guardian serpent (Desolation)
  4 smoke demons
  2 kobold blastminers (Orc:2)
  A black mamba (shapeshifter) (Abyss:3)
  An eye of devastation (Slime:5)
  An apocalypse crab (Abyss:1)
  A dire elephant skeleton (Crypt:1)
  An elf skeleton (Vaults:1)
  3 molten gargoyles (Desolation)
  2 gargoyles
  2 torpor snails
  An alligator snapping turtle zombie (Crypt:3)
  A hellion (Depths:2)
  An unseen horror zombie (Crypt:3)
  14 cane toads
  2 tormentors
  An unseen horror (D:13)
  3 rime drakes
  6 komodo dragons
  7 guardian mummies
  An efreet (Zot:1)
  4 freezing wraiths (Crypt:1)
  20 yaktaurs
  A red devil (Orc:2)
  A grey draconian skeleton (Crypt:3)
  2 ice devils
  A bloated husk (Swamp:2)
  2 tengu conjurers
  4 ancient zymes
  9 trolls
  A hellwing (Orc:2)
  A polar bear (Lair:2)
  A hornet (shapeshifter) (D:15)
  17 tarantellas
  20 hornets
  8 tyrant leeches
  31 saltlings (Desolation)
  A snapping turtle (shapeshifter) (Depths:1)
  9 raiju
  A guardian serpent zombie (Crypt:3)
  A harpy skeleton (Crypt:1)
  29 blink frogs
  A draconian simulacrum (Abyss:2)
  2 glass eyes
  An ettin zombie (WizLab)
  19 jumping spiders
  4 spriggan zombies
  A centaur simulacrum (Crypt:2)
  2 air elementals
  57 slime creatures
  2 vampires
  2 ynoxinuls
  18 culicivoras
  An ettin skeleton (Vaults:2)
  4 shadows
  7 wraiths
  5 water elementals
  3 basilisks
  47 yaks
  17 small abominations
  4 spriggans
  3 ushabtiu (Crypt:3)
  5 wyverns
  2 hogs (Elf:1)
  A fire bat (shapeshifter) (Depths:2)
  A fire elemental (Elf:3)
  A human (Elf:1)
  2 neqoxecs
  49 redbacks
  18 vampire mosquitoes
  2 wargs (Orc:2)
  A harpy simulacrum (Crypt:2)
  3 spatial vortices (Abyss:2)
  3 chaos spawn (Abyss:1)
  A glowing shapeshifter zombie (Crypt:2)
  12 swamp worms
  14 water moccasins
  An acid dragon (D:10)
  3 hell hounds (Abyss:2)
  2 human skeletons
  20 orc warriors
  5 human zombies
  3 swamp drakes (Swamp:4)
  A glowing shapeshifter skeleton (Depths:1)
  3 black bears
  4 ogres
  20 wolves
  37 laughing skulls
  A dream sheep skeleton (Crypt:2)
  9 centaurs
  2 kobold brigands
  Blork the orc (D:6)
  A weeping skull (Ossuary)
  18 bullfrogs
  A gnoll sergeant (D:7)
  A warg zombie (Crypt:2)
  A scorpion (Lair:2)
  2 earth elementals
  7 water moccasin zombies (Ossuary)
  11 wights
  A queen bee zombie (Crypt:2)
  A shapeshifter zombie (Crypt:1)
  9 killer bees (D:9)
  7 howler monkeys
  6 electric eels
  2 lava snakes
  A quasit (Abyss:2)
  4 jellies
  31 orc priests
  3 hounds
  2 iron imps
  A spectral scorpion (Ossuary)
  A sleepcap (D:5)
  2 iguanas (D:6)
  14 orc wizards
  5 hell rats (Lair:3)
  A killer bee zombie (Crypt:3)
  A deep dwarf zombie (Crypt:1)
  A bullfrog simulacrum (Ossuary)
  A crocodile zombie (Ossuary)
  15 mummies
  3 gnolls (D:7)
  5 adders
  A swamp drake skeleton (Crypt:2)
  A shadow imp (D:5)
  A white imp (Abyss:3)
  An ufetubus (Abyss:2)
  2 adder zombies (Ossuary)
  3 dart slugs
  6 ribbon worms
  76 orcs
  10 endoplasms
  2 giant cockroaches (D:3)
  10 gnoll zombies (Ossuary)
  7 goblins
  5 hobgoblins
  7 jackals
  2 quokkas
  9 ball pythons
  A dart slug zombie (Crypt:2)
  3 frilled lizards (D:1)
  2 jackal zombies (Ossuary)
  12 kobolds
  3 orc zombies (Ossuary)
  2 rats (D:1)
  3 aspiring fleshes (Zot:3)
  A lurking horror (Abyss:1)
  A spectral weapon (Spider:3)
  2 starspawn tentacles (Abyss:3)
2108 creatures vanquished.

Vanquished Creatures (collateral kills)
  A dread lich (Crypt:3)
  Frederick (Vaults:3)
  An ancient lich (WizLab)
  2 curse toes
  5 golden dragons
  Norris (Elf:1)
  A bone dragon (Zot:2)
  A Tzitzimitl (Zot:2)
  3 Orb Guardians (Zot:5)
  A tentacled monstrosity (Zot:3)
  3 quicksilver dragons
  3 titans
  3 acid blobs (Slime:5)
  2 tentacled starspawn
  2 ancient champions
  4 shadow dragons
  4 tengu reavers
  2 draconian monks
  2 draconian knights
  A revenant (Crypt:3)
  A storm dragon (Depths:4)
  2 rockslimes (Slime:5)
  A protean progenitor (Zot:3)
  9 fire giants
  4 vault wardens
  A deep elf sorcerer (Elf:3)
  3 azure jellies (Slime:5)
  2 draconian shifters
  An emperor scorpion (Spider:4)
  A draconian scorcher (Zot:1)
  3 frost giants
  4 draconian stormcallers
  4 ghost moths
  Louise (Spider:2)
  2 ghouls
  An orc warlord (Vaults:4)
  A cacodemon (Abyss:3)
  A draconian annihilator (Zot:1)
  4 quicksilver oozes
  7 ironbound preservers
  4 stone giants
  6 green draconians
  A broodmother (Spider:2)
  3 ironbound thunderhulks
  3 vampire knights
  9 very ugly things
  An eleionoma (Swamp:1)
  3 deep elf annihilators (Elf:3)
  2 black draconians
  4 purple draconians
  A white draconian (Zot:1)
  3 dire elephants (Vaults:1)
  2 red draconians
  A bunyip (Swamp:2)
  An eidolon (Crypt:2)
  3 yellow draconians
  3 ettins
  A blizzard demon (Depths:3)
  2 ragged hierophants (Desolation)
  A shambling mangrove (Swamp:1)
  2 mummy priests
  2 jiangshi
  2 fire dragons (Depths:2)
  2 great orbs of eyes
  2 ice dragons (Depths:2)
  A jorogumo (Spider:1)
  2 servants of whispers (Desolation)
  5 vault guards
  2 yaktaur captains
  A peacekeeper (Desolation)
  5 hydras
  4 ironbound frosthearts
  A centaur warrior (D:14)
  A spriggan skeleton (Abyss:2)
  3 alligators
  11 dancing weapons
  A torpor snail (shapeshifter) (Vaults:5)
  3 boulder beetles
  A death knight (Crypt:1)
  4 tengu warriors
  2 deep troll earth magi
  An orc high priest (Orc:2)
  An occultist (Depths:2)
  A demonic crawler (Zot:4)
  2 spriggan berserkers
  2 skysharks (Elf:1)
  3 wretched stars
  A hell knight (Depths:1)
  3 iron trolls
  8 skeletal warriors
  4 deep elf knights
  A pharaoh ant (Spider:3)
  A spatial maelstrom (Abyss:3)
  18 deep trolls
  A sixfirhy (Orc:2)
  A spriggan druid (Swamp:4)
  5 goliath frogs
  7 orb spiders
  A flayed ghost (D:15)
  A glowing orange brain (Depths:2)
  A golden dragon zombie (WizLab)
  A necromancer (D:15)
  5 swamp dragons
  3 bog bodies
  2 orc knights
  5 lindwurms
  A deep elf archer (Elf:2)
  2 steelbarb worms
  3 ironbound convokers
  A shadow dragon skeleton (Crypt:3)
  16 deep elf zephyrmancers
  11 deep elf pyromancers
  4 wolf spiders
  A fire giant zombie (WizLab)
  2 orc sorcerers
  2 phantasmal warriors
  A frost giant zombie (WizLab)
  A will-o-the-wisp (Swamp:1)
  7 ugly things
  2 manticores (D:15)
  8 moths of wrath
  2 elephants (Lair:5)
  A cyclops (D:15)
  A demonspawn zombie (WizLab)
  A guardian serpent (Desolation)
  A meliai (Spider:3)
  A meliai (shapeshifter) (Elf:3)
  A kobold blastminer (Orc:2)
  7 vault sentinels
  5 cane toads
  A black mamba (Lair:3)
  A molten gargoyle (Desolation)
  3 large abominations
  3 smoke demons
  An efreet (Zot:1)
  2 freezing wraiths
  A tengu conjurer (Depths:2)
  A komodo dragon (D:13)
  An unseen horror (Abyss:1)
  10 yaktaurs
  A guardian mummy (WizLab)
  A silent spectre (Abyss:2)
  5 hornets
  A troll (Zot:1)
  A tyrant leech (Swamp:1)
  3 blink frogs
  2 raiju (Abyss:2)
  10 saltlings (Desolation)
  5 tarantellas
  10 jumping spiders
  An air elemental (Elf:1)
  4 culicivoras
  A spriggan (Swamp:2)
  24 slime creatures
  A wraith (D:10)
  A ynoxinul (Abyss:2)
  2 water elementals
  9 yaks
  A vampire mosquito (Swamp:1)
  2 wyverns
  2 basilisks
  20 redbacks
  A fire elemental (Elf:1)
  A golden eye (Slime:5)
  A human simulacrum (Vaults:1)
  A glowing shapeshifter zombie (Vaults:1)
  7 swamp worms
  A two-headed ogre zombie (Crypt:3)
  A water moccasin (D:10)
  4 orc warriors (Orc:2)
  4 swamp drakes (Swamp:4)
  An ice beast (D:7)
  An ettin simulacrum (Vaults:2)
  7 laughing skulls
  A cane toad skeleton (Crypt:3)
  2 ogres (Orc:1)
  4 small abominations
  A centaur (D:11)
  A bullfrog (Lair:2)
  A salamander skeleton (Crypt:1)
  3 wights (D:7)
  2 killer bees (D:9)
  An electric eel (Lair:5)
  A howler monkey (D:7)
  3 lava snakes
  A hound (shapeshifter) (Abyss:3)
  6 orc priests
  3 human skeletons (Crypt:1)
  5 orc wizards
  A hell rat (Lair:3)
  3 mummies (Crypt:3)
  2 gnolls (D:7)
  An ufetubus (Abyss:2)
  28 orcs
  A kobold (D:8)
  A jackal zombie (Crypt:3)
601 creatures vanquished.

Vanquished Creatures (others)
  A deep elf master archer (Elf:3)
  A formless jellyfish (Vaults:4)
  2 war gargoyles
  An entropy weaver (Spider:4)
  3 deep elf knights
  A deep elf archer (Elf:1)
  10 yaktaurs
  2 bloated husks
  A jumping spider (Spider:4)
  A swamp worm (Swamp:3)
  A jelly (Lair:5)
  71 knights
  9 foxfires
  10 starspawn tentacles
114 creatures vanquished.

Grand Total: 2823 creatures vanquished

Notes
Turn   | Place    | Note
-------+----------+-------------------------------------------
     0 | D:1      | sleeves the Coglin Monk began the quest for the Orb.
     0 | D:1      | Reached XP level 1. HP: 18/18 MP: 1/1
    26 | D:1      | Reached XP level 2. HP: 22/24 MP: 2/2
    55 | D:1      | Found a faded altar of an unknown god.
   136 | D:1      | Reached skill level 4 in Axes
   220 | D:1      | Reached XP level 3. HP: 29/29 MP: 3/3
   707 | D:2      | Reached XP level 4. HP: 35/35 MP: 4/4
   780 | D:2      | Found Mageniuf's Book Shop.
   807 | D:2      | Reached skill level 5 in Axes
  1212 | D:3      | Found a shadowy altar of Dithmenos.
  1217 | D:3      | Identified the +7 trident "Qidodam" {holy, rC++}
  1302 | D:3      | Found a shimmering altar of Xom.
  1413 | D:3      | Found a large runed translucent door.
  1413 | D:3      | Found a large runed translucent door.
  1415 | D:3      | Noticed gosagan's ghost (amateur AtWr)
  1852 | D:4      | Reached XP level 5. HP: 41/41 MP: 5/5
  1983 | D:4      | Reached skill level 6 in Axes
  2538 | D:5      | Entered Level 5 of the Dungeon
  2552 | D:5      | Found a broken altar of Ashenzari.
  2634 | D:5      | Found an opulent altar of Gozag.
  2645 | D:5      | Found a burning altar of Makhleb.
  2689 | D:5      | HP: 19/41 [orc priest/divine providence (11)]
  2691 | D:5      | Reached XP level 6. HP: 22/47 MP: 6/6
  2973 | D:5      | Noticed a black bear
  2981 | D:5      | Killed a black bear
  2982 | D:5      | Reached skill level 7 in Axes
  3556 | D:5      | Found an iron altar of Okawaru.
  3723 | D:6      | Reached skill level 4 in Fighting
  3766 | D:6      | Noticed a two-headed ogre
  3769 | D:6      | Reached XP level 7. HP: 55/55 MP: 7/7
  3860 | D:6      | Found a sand-covered staircase.
  3868 | Ossuary  | Entered an ossuary
  3902 | Ossuary  | Reached skill level 5 in Fighting
  3996 | Ossuary  | Reached skill level 6 in Fighting
  4037 | Ossuary  | Reached XP level 8. HP: 64/65 MP: 8/8
  4059 | Ossuary  | Reached skill level 7 in Fighting
  4302 | D:6      | Found a staircase to the Ecumenical Temple.
  4310 | D:6      | Noticed Blork the orc
  4318 | D:6      | Killed Blork the orc
  4319 | D:6      | Reached skill level 8 in Fighting
  4320 | Temple   | Entered the Ecumenical Temple
  4348 | Temple   | Became a worshipper of Hepliaklqana the Forgotten
  4348 | Temple   | Reached * piety under Hepliaklqana
  4348 | Temple   | Reached ** piety under Hepliaklqana
  4349 | Temple   | Remembered your ancestor Intij as a knight
  4523 | D:6      | HP: 30/62 [two-headed ogre/+0 giant club (32)]
  4797 | D:6      | Reached skill level 9 in Fighting
  5218 | D:7      | Noticed a wyvern
  5220 | D:7      | Killed a wyvern
  5221 | D:7      | Reached XP level 9. HP: 68/70 MP: 9/9
  5283 | D:6      | Reached skill level 10 in Fighting
  5283 | D:6      | Reached skill level 1 in Polearms
  5446 | D:7      | Reached skill level 2 in Polearms
  5560 | D:7      | Reached skill level 3 in Polearms
  5612 | D:7      | Reached skill level 4 in Polearms
  5810 | D:7      | Reached skill level 5 in Polearms
  6149 | D:8      | Reached *** piety under Hepliaklqana
  6231 | D:8      | Reached skill level 6 in Polearms
  6264 | D:8      | Noticed a two-headed ogre
  6269 | D:8      | Killed a two-headed ogre
  6270 | D:8      | Reached skill level 7 in Polearms
  6270 | D:8      | Reached XP level 10. HP: 76/76 MP: 10/10
  6440 | D:8      | Reached skill level 8 in Polearms
  7165 | D:9      | Reached **** piety under Hepliaklqana
  7186 | D:9      | Found Lahy Zis's Overcharged Wands.
  7353 | D:9      | Noticed a two-headed ogre
  7360 | D:9      | Killed a two-headed ogre
  7361 | D:9      | Reached skill level 9 in Polearms
  7382 | D:9      | Found a sacrificial altar of Ru.
  7474 | D:9      | Reached skill level 10 in Polearms
  7579 | D:9      | Found an ancient bone altar of Kikubaaqudgha.
  7664 | D:9      | Found a shimmering blue altar of Sif Muna.
  7668 | D:9      | Found a radiant altar of Vehumet.
  7673 | D:9      | Got Vehumet's Directory of Combat Magic
  7758 | D:9      | Found a basalt altar of Yredelemnul.
  7762 | D:9      | Reached XP level 11. HP: 81/81 MP: 11/11
  7888 | D:9      | Reached skill level 11 in Polearms
  8279 | D:10     | Entered Level 10 of the Dungeon
  8519 | D:10     | Found a staircase to the Lair.
  8589 | D:10     | Reached skill level 12 in Polearms
  8681 | D:10     | Reached ***** piety under Hepliaklqana
  9166 | D:10     | Found Ikhlutuon's Armour Boutique.
  9166 | D:10     | Found Ododeaps's Weapon Emporium.
  9168 | D:10     | Found Letukh's Assorted Antiques.
  9170 | D:10     | Found Ciydgh's Weapon Boutique.
  9170 | D:10     | Found Plog's Weapon Emporium.
  9293 | D:10     | Found a hide-covered altar of Uskayaw.
  9656 | D:11     | Found Vaizen's Magic Scroll Shop.
  9785 | D:11     | Reached skill level 13 in Polearms
  9805 | D:11     | Found a staircase to the Orcish Mines.
 10050 | D:11     | HP: 39/81 [centaur/arrow (5)]
 10422 | D:12     | Noticed a purple ugly thing
 10432 | D:12     | Killed a purple ugly thing
 10497 | D:12     | Reached XP level 12. HP: 56/87 MP: 12/12
 10618 | D:12     | Reached skill level 14 in Polearms
 10793 | D:12     | Noticed a boulder beetle
 10819 | D:12     | Killed a boulder beetle
 10876 | D:12     | Noticed a two-headed ogre
 10892 | D:12     | Killed a two-headed ogre
 11358 | D:11     | HP: 43/87 [centaur/arrow (19)]
 12106 | D:13     | Reached skill level 15 in Polearms
 12195 | D:13     | Noticed a boulder beetle
 12199 | D:13     | HP: 12/87 [cyclops/large rock (42)]
 12420 | D:14     | Noticed a boulder beetle
 12448 | D:14     | Killed a boulder beetle
 12744 | D:13     | HP: 39/87 [cyclops/large rock (48)]
 12910 | D:13     | Found Kymox's Magic Scroll Emporium.
 12920 | D:13     | Noticed a death knight
 12969 | D:14     | Noticed a tengu warrior
 12969 | D:14     | Noticed a tengu warrior
 13059 | D:13     | Found a runed translucent door.
 13171 | D:13     | Killed a boulder beetle
 13222 | D:13     | Reached skill level 1 in Armour
 13222 | D:13     | Reached skill level 3 in Dodging
 13482 | D:13     | Killed a death knight
 13483 | D:13     | Reached skill level 2 in Armour
 13930 | D:13     | Noticed a crystal guardian
 13930 | D:13     | Noticed a crystal guardian
 13931 | D:13     | Noticed a boulder beetle
 13931 | D:13     | Noticed a six-headed hydra
 13931 | D:13     | HP: 34/87 [crystal guardian/crystal bolt (12)]
 14205 | Lair:1   | Entered Level 1 of the Lair of Beasts
 14286 | Lair:1   | Reached skill level 4 in Dodging
 14289 | Lair:1   | Reached skill level 3 in Armour
 14473 | Lair:1   | Reached XP level 13. HP: 92/92 MP: 13/13
 14483 | Lair:1   | Reached skill level 4 in Armour
 14483 | Lair:1   | Reached skill level 5 in Dodging
 14503 | Lair:1   | HP: 44/92 [poisoned by a water moccasin]
 14508 | Lair:1   | HP: 38/92 [poisoned by a water moccasin]
 14513 | Lair:1   | HP: 36/92 [poisoned by a water moccasin]
 14518 | Lair:1   | HP: 24/92 [yak (10)]
 14867 | Lair:1   | Reached skill level 5 in Armour
 15006 | Lair:1   | Identified a scroll of acquirement
 15209 | Lair:2   | Reached skill level 6 in Dodging
 15243 | Lair:2   | Reached ****** piety under Hepliaklqana
 15399 | Lair:2   | Reached skill level 6 in Armour
 15403 | Lair:2   | Noticed Urug
 15414 | Lair:2   | Killed Urug
 15490 | Lair:2   | Reached skill level 7 in Dodging
 15529 | Lair:2   | Found a staircase to the Swamp.
 15792 | Lair:2   | Identified the +8 flail of Circularity {drain, Str+4}
 16257 | Lair:3   | Reached skill level 7 in Armour
 16525 | Lair:3   | Reached skill level 8 in Dodging
 16657 | Lair:3   | Found a hole to the Spider Nest.
 16673 | Lair:3   | HP: 45/92 [poisoned by a redback]
 17032 | Lair:3   | Reached skill level 8 in Armour
 17041 | Lair:3   | Reached XP level 14. HP: 97/99 MP: 14/14
 17718 | Lair:4   | Found a runed translucent door.
 17963 | Lair:4   | Reached skill level 9 in Dodging
 18719 | Lair:4   | Noticed Uveod's ghost (journeyman FeEE)
 18929 | Lair:5   | Entered Level 5 of the Lair of Beasts
 18984 | Lair:5   | Reached skill level 9 in Armour
 19000 | Lair:5   | HP: 44/99 [goliath frog (6)]
 19005 | Lair:4   | HP: 37/99 [poisoned by a cane toad]
 19010 | Lair:4   | HP: 38/99 [poisoned by a cane toad]
 19359 | Lair:5   | HP: 49/99 [poisoned by a cane toad]
 19364 | Lair:5   | HP: 47/99 [poisoned by a cane toad]
 19594 | Lair:5   | Reached skill level 10 in Dodging
 19769 | Lair:5   | Reached skill level 10 in Armour
 19799 | Lair:5   | Found a staircase to the Slime Pits.
 19809 | Lair:5   | Found a viscous altar of Jiyva.
 19951 | Lair:5   | Reached skill level 11 in Dodging
 20171 | Lair:5   | Reached XP level 15. HP: 64/103 MP: 15/15
 20825 | Orc:1    | Entered Level 1 of the Orcish Mines
 20855 | Orc:1    | Reached skill level 11 in Armour
 20899 | Orc:1    | Paralysed by an orc sorcerer for 4 turns
 21192 | Orc:1    | Found a roughly hewn altar of Beogh.
 21458 | Orc:2    | Entered Level 2 of the Orcish Mines
 21530 | Orc:2    | Found a roughly hewn altar of Beogh.
 21685 | Orc:2    | Paralysed by an orc sorcerer for 4 turns
 21873 | Orc:2    | Found a staircase to the Elven Halls.
 22063 | Orc:2    | Found Siadd's General Store.
 22121 | Orc:2    | Found Zeitao's General Store.
 22376 | Orc:2    | Reached skill level 12 in Dodging
 22395 | Orc:2    | HP: 47/97 [orc priest/divine providence (12)]
 22405 | Orc:2    | Upgraded the game from 0.32-a0-361-g289a535e89 to
                  | 0.32-a0-391-gce5c0aab1b
 22508 | Orc:2    | Paralysed by an orc sorcerer for 3 turns
 22598 | Orc:2    | Reached skill level 12 in Armour
 22651 | Orc:2    | Found Ziurec's Book Shop.
 22651 | Orc:2    | Found Goituasue's Antique Armour Boutique.
 22652 | Orc:2    | Found a one-way gate leading to the halls of Pandemonium.
 22656 | Orc:2    | Bought a glowing helmet for 300 gold pieces
 23054 | D:14     | Found Fesei's General Store.
 23062 | D:14     | Bought a +2 pair of gloves of strength for 258 gold pieces
 23196 | D:14     | Reached skill level 13 in Dodging
 23202 | D:14     | HP: 39/103 [meliai/divine providence (14)]
 23577 | D:14     | Found a blossoming altar of Fedhas.
 23656 | D:14     | Found a gate to the Vaults.
 23713 | D:15     | Entered Level 15 of the Dungeon
 23718 | D:15     | Reached XP level 16. HP: 109/109 MP: 16/16
 23755 | D:15     | Reached skill level 13 in Armour
 23828 | D:15     | HP: 53/109 [flayed ghost/flay_damage (16)]
 23838 | D:15     | Found a staircase to the Depths.
 24033 | D:15     | Found a shimmering altar of Xom.
 24053 | D:15     | Found a shimmering altar of Xom.
 24147 | D:15     | Identified the +2 robe of Nogafar {rElec}
 24537 | Swamp:1  | Entered Level 1 of the Swamp
 24588 | Swamp:1  | HP: 54/109 [swamp dragon] (2)]
 24593 | Lair:2   | HP: 28/109 [poisoned by a swamp dragon (poison gas)]
 24598 | Lair:2   | HP: 24/109 [poisoned by a swamp dragon (poison gas)]
 24603 | Lair:2   | HP: 25/109 [poisoned by a swamp dragon (poison gas)]
 24859 | Swamp:1  | Reached skill level 14 in Dodging
 25234 | Swamp:1  | Found a runed translucent gate.
 25235 | Swamp:1  | Found a runed translucent gate.
 25240 | Swamp:1  | Reached skill level 14 in Armour
 25241 | Swamp:1  | Found a runed translucent gate.
 25241 | Swamp:1  | Noticed Biggs's ghost (journeyman FeSh)
 25246 | Swamp:1  | HP: 47/109 [poisoned by a swamp dragon (poison gas)]
 25268 | Swamp:1  | HP: 52/109 [poisoned by a swamp dragon (poison gas)]
 25273 | Swamp:1  | HP: 39/109 [poisoned by a swamp dragon (poison gas)]
 25278 | Swamp:1  | HP: 39/109 [poisoned by a swamp dragon (poison gas)]
 26188 | Swamp:3  | Found an iron altar of Okawaru.
 26243 | Swamp:3  | Noticed Bai Suzhen
 26258 | Swamp:3  | HP: 54/109 [acid (9)]
 26282 | Swamp:3  | HP: 53/109 [seven-headed hydra (9)]
 26289 | Swamp:2  | HP: 38/109 [seven-headed hydra (3)]
 26503 | Swamp:4  | Entered Level 4 of the Swamp
 26510 | Swamp:4  | Reached skill level 15 in Dodging
 26549 | Swamp:4  | Reached XP level 17. HP: 115/115 MP: 17/17
 26580 | Swamp:4  | Reached skill level 15 in Armour
 26651 | Swamp:4  | HP: 57/115 [swamp worm (1)]
 26716 | Swamp:4  | HP: 56/116 [acid (6)]
 27072 | Swamp:3  | Noticed Donald
 27074 | Swamp:3  | Reached skill level 11 in Fighting
 27087 | Swamp:3  | Killed Donald
 27088 | Swamp:3  | Reached skill level 1 in Invocations
 27251 | Swamp:4  | Reached skill level 2 in Invocations
 27352 | Swamp:4  | Reached skill level 3 in Invocations
 27436 | Swamp:4  | Reached skill level 4 in Invocations
 27561 | Swamp:4  | Acquired a manual of Translocations
 27565 | Swamp:4  | Learned a level 1 spell: Apportation
 27569 | Swamp:4  | Learned a level 3 spell: Teleport Other
 27576 | Swamp:4  | Learned a level 6 spell: Dispersal
 27634 | Swamp:4  | Reached skill level 1 in Translocations
 27713 | Swamp:4  | Noticed the 27-headed Lernaean hydra
 27718 | Swamp:4  | Got a decaying rune of Zot
 27763 | Swamp:3  | Reached skill level 2 in Translocations
 27781 | Swamp:3  | Noticed Roxanne
 27848 | Spider:1 | Entered Level 1 of the Spider Nest
 27957 | Spider:1 | Reached skill level 5 in Invocations
 27998 | Spider:1 | Reached skill level 3 in Translocations
 28126 | Spider:1 | Reached skill level 4 in Translocations
 28598 | Spider:1 | Reached skill level 5 in Translocations
 28646 | Spider:2 | Noticed Louise
 29022 | Spider:2 | Upgraded the game from 0.32-a0-391-gce5c0aab1b to
                  | 0.32-a0-411-g744942f433
 29031 | Spider:2 | Reached skill level 6 in Translocations
 29032 | Spider:2 | Identified the +5 hand axe "Ajalulor" {freeze, Str+3}
 29055 | Spider:2 | Reached skill level 6 in Invocations
 29110 | Spider:2 | HP: 50/117 [disintegration (54)]
 29326 | Spider:2 | HP: 53/117 [boulder beetle (21)]
 29330 | Spider:2 | Reached skill level 7 in Translocations
 29681 | Spider:2 | Reached skill level 8 in Translocations
 29686 | Spider:2 | HP: 50/117 [disintegration[a broodmother] (62)]
 29999 | Spider:3 | Reached skill level 7 in Invocations
 30068 | Spider:3 | Reached XP level 18. HP: 124/124 MP: 23/23
 30072 | Spider:3 | Reached skill level 9 in Translocations
 30401 | Spider:3 | Reached skill level 10 in Translocations
 30419 | Spider:3 | Identified the +2 kite shield "Vaffu" {rN+ Int+3}
 30419 | Spider:3 | Noticed Asterion
 30432 | Spider:3 | Killed Asterion
 30966 | Spider:3 | Reached skill level 8 in Invocations
 31149 | Spider:4 | Entered Level 4 of the Spider Nest
 31287 | Spider:4 | Reached skill level 11 in Translocations
 31319 | Spider:4 | Gained mutation: You have a pair of small antennae on your
                  | head. [mutagenic glow]
 31884 | Spider:4 | Reached skill level 12 in Translocations
 32255 | Spider:4 | Reached skill level 13 in Translocations
 33366 | Spider:4 | Reached skill level 14 in Translocations
 33431 | Spider:4 | HP: 56/124 [spark wasp (15)]
 33702 | Spider:4 | Got a gossamer rune of Zot
 34151 | Depths:1 | Entered Level 1 of the Depths
 34151 | Depths:1 | Found a gateway to Hell.
 34290 | Depths:1 | Reached skill level 15 in Translocations
 34599 | Depths:1 | Reached XP level 19. HP: 131/131 MP: 25/25
 34608 | Depths:1 | Reached skill level 12 in Fighting
 34966 | Depths:1 | Reached skill level 13 in Fighting
 35227 | Depths:2 | HP: 54/134 [fire giant/+2 great sword of flaming (23)]
 35235 | Depths:2 | HP: 36/134 [fire giant/+1 great sword of flaming (12)]
 35396 | Depths:2 | HP: 63/135 [fire giant/+0 great sword of flaming (13)]
 35593 | Depths:2 | Reached skill level 14 in Fighting
 35841 | Depths:2 | HP: 61/138 [burnt (10)]
 35846 | Depths:2 | HP: 29/138 [burnt (8)]
 35849 | Depths:2 | HP: 3/138 [burnt (13)]
 35973 | Depths:2 | Noticed a golden dragon
 36097 | Depths:2 | Reached skill level 15 in Fighting
 36148 | Depths:2 | HP: 61/139 [fire giant/+0 great sword of flaming (11)]
 37068 | Depths:2 | Killed a golden dragon
 37070 | Depths:2 | HP: 68/141 [poison (poison gas)]
 37074 | Depths:2 | HP: 31/141 [poison (poison gas)]
 37079 | Depths:2 | HP: 21/141 [poison (poison gas)]
 37084 | Depths:2 | HP: 22/141 [poison (poison gas)]
 37206 | Depths:2 | Reached skill level 16 in Fighting
 37494 | Depths:3 | Found a huge runed translucent gate.
 37494 | Depths:3 | Found a huge runed translucent gate.
 37494 | Depths:3 | Found a huge runed translucent gate.
 37494 | Depths:3 | Found a huge runed translucent gate.
 37494 | Depths:3 | Found a huge runed translucent gate.
 37494 | Depths:3 | Found a huge runed translucent gate.
 37494 | Depths:3 | Found a huge runed translucent gate.
 37494 | Depths:3 | Found a huge runed translucent gate.
 37494 | Depths:3 | Found a huge runed translucent gate.
 37494 | Depths:3 | Found a huge runed translucent gate.
 37494 | Depths:3 | Found a huge runed translucent gate.
 37494 | Depths:3 | Found a huge runed translucent gate.
 37494 | Depths:3 | Found a huge runed translucent gate.
 37494 | Depths:3 | Found a huge runed translucent gate.
 37494 | Depths:3 | Found a huge runed translucent gate.
 37494 | Depths:3 | Found a huge runed translucent gate.
 37494 | Depths:3 | Found a huge runed translucent gate.
 37494 | Depths:3 | Found a huge runed translucent gate.
 37494 | Depths:3 | Found a huge runed translucent gate.
 37494 | Depths:3 | Found a huge runed translucent gate.
 37584 | Depths:2 | Reached XP level 20. HP: 103/149 MP: 26/26
 37705 | Depths:3 | HP: 70/140 [shadow dragon (7)]
 37715 | Depths:3 | HP: 58/137 [shadow dragon (9)]
 37944 | Depths:3 | Identified the +4 morningstar "Zufauq" {heavy, rN+}
 38001 | Depths:2 | Reached skill level 17 in Fighting
 38174 | Depths:3 | Noticed a golden dragon
 38279 | Depths:2 | Killed a golden dragon
 38708 | Depths:3 | Reached skill level 18 in Fighting
 38798 | Depths:3 | Noticed a golden dragon
 38808 | Depths:3 | Killed a golden dragon
 39065 | Depths:3 | Found Ovvufod's Assorted Antiques.
 39446 | Depths:3 | Found a one-way gate to the infinite horrors of the Abyss.
 39721 | Depths:3 | Reached skill level 19 in Fighting
 39828 | Depths:4 | Entered Level 4 of the Depths
 40099 | Depths:4 | HP: 73/153 [hell knight/+1 heavy great mace (25)]
 40105 | Depths:4 | HP: 77/154 [hell knight/+0 great sword of flaming (1)]
 40726 | Depths:4 | Reached skill level 20 in Fighting
 40784 | Depths:4 | Reached skill level 1 in Spellcasting
 40784 | Depths:4 | Reached XP level 21. HP: 164/164 MP: 27/27
 40887 | Depths:4 | Reached skill level 2 in Spellcasting
 40892 | Depths:4 | Found a gate to the Realm of Zot.
 40955 | Depths:4 | Found a one-way gateway to a ziggurat.
 41849 | Elf:1    | Entered Level 1 of the Elven Halls
 41849 | Elf:1    | Noticed Kirke
 41853 | Elf:1    | Reached skill level 3 in Spellcasting
 41859 | Elf:1    | Killed Kirke
 41952 | Elf:1    | Paralysed by an air elemental for 1 turns
 42095 | Elf:1    | Found Dunkuomp's Jewellery Shoppe.
 42105 | Elf:1    | Reached skill level 4 in Spellcasting
 42121 | Elf:1    | Found Xucrem's Antique Armour Shoppe.
 42121 | Elf:1    | Found Wimegik's Antique Armour Emporium.
 42126 | Elf:1    | Found Sery's Jewellery Emporium.
 42145 | Elf:1    | Paralysed by an air elemental for 1 turns
 42318 | Elf:1    | Identified the +6 leather armour "Xixir" {rN+}
 42468 | Elf:1    | Noticed Norris
 42491 | Elf:1    | Killed Norris
 42692 | Elf:1    | Reached skill level 5 in Spellcasting
 42727 | Elf:1    | HP: 79/159 [ghostly deep elf death mage/bolt of negative
                  | energy (19)]
 43531 | Elf:2    | Reached skill level 6 in Spellcasting
 43595 | Elf:2    | Found a runed translucent door.
 43620 | Elf:2    | Found a runed translucent door.
 43664 | Elf:2    | Found a runed translucent door.
 43665 | Elf:2    | Noticed croobank's ghost (adept FeSu)
 43665 | Elf:2    | Identified the +5 fire dragon scales of Skepticism {Rampage
                  | rF++ rC- rN+ Will- Dex+2}
 43724 | Elf:2    | Reached skill level 16 in Armour
 43731 | Elf:2    | HP: 80/164 [+3 glaive of flaming (11)]
 43876 | Elf:2    | Found Fuynig's Weapon Emporium.
 43891 | Elf:2    | Got Vehumet's Secrets of Combat Magic and Austromancy
 43899 | Elf:2    | Found a shimmering blue altar of Sif Muna.
 44372 | Elf:2    | Reached skill level 7 in Spellcasting
 44383 | Elf:2    | HP: 81/164 [burnt (8)]
 44388 | Elf:2    | HP: 57/164 [burnt (6)]
 44694 | Elf:1    | Bought the ring "Saotri" {rN+ AC+4 Int+3 Dex+2} for 1038
                  | gold pieces
 44709 | Elf:1    | Bought the ring of Pejygguf {Will+ rCorr Stlth+} for 565
                  | gold pieces
 45021 | Vaults:1 | Entered Level 1 of the Vaults
 45085 | Vaults:1 | Found Dyicw's Antique Armour Boutique.
 45116 | Vaults:1 | Bought a pair of smoking gloves for 209 gold pieces
 45116 | Vaults:1 | Identified the +2 pair of gloves of Amelioration {*Slow
                  | rPois rF+ Int+3} (You bought it in a shop on level 1 of the
                  | Vaults)
 45186 | Vaults:1 | Identified the +1 ring mail of Likuh {Dex+2}
 45421 | Vaults:1 | Reached skill level 17 in Armour
 45421 | Vaults:1 | Reached XP level 22. HP: 164/171 MP: 32/32
 46174 | Vaults:1 | Reached skill level 18 in Armour
 47207 | Vaults:2 | HP: 56/171 [ironbound thunderhulk/bolt of lightning (47)]
 47212 | Vaults:2 | HP: 54/171 [yaktaur/bolt[a vault warden] (8)]
 47329 | Vaults:2 | Reached skill level 19 in Armour
 47340 | Vaults:2 | HP: 82/171 [ironbound thunderhulk/bolt of lightning (23)]
 47350 | Vaults:2 | HP: 55/171 [ironbound thunderhulk/bolt of lightning (40)]
 47351 | Vaults:2 | HP: 27/171 [ironbound thunderhulk/bolt of lightning (29)]
 47483 | Vaults:2 | HP: 84/171 [poisoned by a vault warden]
 47488 | Vaults:2 | HP: 78/171 [poisoned by a vault warden]
 47494 | Vaults:2 | HP: 77/171 [poisoned by a vault warden]
 47966 | Vaults:2 | Identified the flux talisman "Rujemm" {rF+ Str+3}
 48544 | Vaults:3 | Found a magical portal.
 48558 | WizLab   | Entered Doroklohe's Tomb
 48786 | WizLab   | HP: 65/171 [??? (50)]
 48800 | WizLab   | HP: 47/171 [torment (35)]
 48808 | WizLab   | Noticed an ancient lich
 48815 | WizLab   | Killed an ancient lich
 48823 | WizLab   | HP: 54/171 [vault warden zombie (16)]
 49356 | Vaults:3 | Reached skill level 20 in Armour
 49367 | Vaults:3 | Learned a level 2 spell: Blink
 49535 | Vaults:3 | Reached XP level 23. HP: 176/176 MP: 33/33
 49569 | Vaults:3 | Found Ucrierch's General Store.
 49738 | Vaults:3 | Reached skill level 8 in Spellcasting
 49840 | Vaults:3 | Found a staircase to the Crypt.
 50186 | Vaults:3 | Reached skill level 9 in Invocations
 50555 | Vaults:4 | Identified the +3 robe of the Assorted Xeniums {Will- MP+9
                  | SInv}
 50555 | Vaults:4 | Noticed Boris
 50574 | Vaults:4 | Killed Boris
 50597 | Vaults:4 | Found a crumbling gateway.
 50614 | Desolati | Entered the Desolation of Salt
 50756 | Desolati | Identified the +12 demon trident of Embarrassment {pain,
                  | MP+9}
 50838 | Desolati | Identified the amulet "Oqosehex" {Faith rF+ Stlth+}
 50967 | Desolati | Found the +7 great mace "Undeadhunter" {deathbane, rN+}
 50996 | Desolati | Got Uloqam's Book of Illusory Despicable Spells
 51041 | Desolati | Reached skill level 9 in Spellcasting
 51128 | Desolati | Found the +7 Spriggan's Knife {stab, EV+4 Stlth+}
 51133 | Desolati | Got the Monograph on the Departed
 51135 | Desolati | Got the Disquisition on Funereal Enchantment
 51137 | Desolati | Identified the +0 orcbow of Rubbish {heavy, rCorr Str+2}
 51466 | Desolati | Reached skill level 10 in Invocations
 51978 | D:2      | Bought a book of Battle for 286 gold pieces
 51983 | D:2      | Learned a level 4 spell: Manifold Assault
 51986 | D:2      | Learned a level 2 spell: Lesser Beckoning
 52399 | Crypt:1  | Entered Level 1 of the Crypt
 52548 | Crypt:1  | Identified the orb of Fun {*channel, rC- Regen+ Slay+5
                  | Fire}
 52548 | Crypt:1  | Noticed Frederick
 52657 | Vaults:3 | Reached skill level 10 in Spellcasting
 52681 | Vaults:3 | Killed Frederick
 52840 | Crypt:1  | Noticed Saint Roka
 52864 | Crypt:1  | HP: 72/176 [Saint Roka/+2 heavy battleaxe (31)]
 52865 | Crypt:1  | Killed Saint Roka
 52977 | Crypt:1  | Reached skill level 16 in Translocations
 53755 | Crypt:2  | Reached XP level 24. HP: 181/183 MP: 37/37
 53878 | Crypt:2  | Reached skill level 17 in Translocations
 54008 | Crypt:2  | Found a runed translucent door.
 54182 | Crypt:2  | Identified the +0 helmet of Hangman {rF+ rC+}
 54341 | Crypt:2  | Noticed Vv
 54342 | Crypt:2  | sleeves: ?? Vv
 54342 | Crypt:2  | beem: vv[1/2]: A late-game stoneborn unique. Calls frost
                  | from the walls and lava from the floor. If you say she's
                  | "blowing hot and cold" she'll probably kill you, but really
                  | she'll do that regardless. New in 0.29.
 54342 | Crypt:2  | sleeves: ?? Vv[2]
 54342 | Crypt:2  | beem: vv[2/2]: Pronounced 'viv', as in 'vivian'.
 54364 | Crypt:2  | HP: 78/183 [Vv (33)]
 54365 | Crypt:2  | Killed Vv
 54760 | Crypt:2  | Noticed Uroast's ghost (veteran MiGl)
 54896 | Crypt:3  | Entered Level 3 of the Crypt
 54918 | Crypt:3  | HP: 86/182 [skeletal warrior/+1 vampiric long sword (9)]
 54924 | Crypt:3  | HP: 81/182 [vampire knight/+0 long sword of flaming (12)]
 55102 | Crypt:2  | Reached skill level 18 in Translocations
 55373 | Crypt:3  | Noticed a dread lich
 55387 | Crypt:3  | Killed a dread lich
 55413 | Crypt:3  | Found a staircase to the Tomb.
 55650 | Crypt:3  | Identified the +7 trident of Cheibriados's Hope {pain, rC-
                  | MP+9 Int+5 Stlth+}
 55679 | Crypt:3  | HP: 83/182 [phantasmal warrior[a mummy priest] (23)]
 55688 | Crypt:3  | HP: 89/182 [flayed ghost (3)]
 55693 | Crypt:3  | HP: 85/182 [caustic shrike skeleton (2)]
 55695 | Crypt:3  | HP: 37/182 [jiangshi[a mummy priest] (15)]
 55792 | Crypt:3  | Reached skill level 19 in Translocations
 55804 | Crypt:3  | HP: 87/183 [skeletal warrior/+0 bardiche (20)]
 55990 | Crypt:3  | Identified the +2 robe "Rawu" {rF+ Str+3 Dex-4}
 55990 | Crypt:3  | Noticed Boris
 56052 | Crypt:3  | HP: 75/183 [disintegration (100)]
 56197 | Crypt:3  | Killed Boris
 56314 | Crypt:3  | Noticed a dread lich
 56328 | Crypt:3  | Killed a dread lich
 56433 | Crypt:3  | Found an ancient bone altar of Kikubaaqudgha.
 56436 | Crypt:3  | Noticed a curse toe
 56443 | Crypt:3  | Found a basalt altar of Yredelemnul.
 56455 | Crypt:3  | Killed a curse toe
 56633 | Crypt:3  | Identified the dragon-blood talisman of the Silly God {rC+
                  | Will+ rCorr Str+2}
 56634 | Crypt:3  | sleeves: ??talisman
 56634 | Crypt:3  | beem: talisman[1/3]: When used, turns you into something
                  | funky after fiveish turns. Your face will stick that way
                  | until you choose to turn back, which also takes five turns.
                  | Shapeshifting skill makes you even funkier. Added in 0.31,
                  | replacing various spells.
 56634 | Crypt:3  | sleeves: ??talisman[2]
 56634 | Crypt:3  | beem: talisman[2/3]: Beast, flux, maw, blade, serpent,
                  | granite, dragon, storm, death.
 56634 | Crypt:3  | sleeves: ??talisman[3]
 56634 | Crypt:3  | beem: talisman[3/3]: Dropped from: Rupert(50% maw),
                  | Aizul(serpent), Roxanne(statue), Sojobo(50% storm), Bai
                  | Suzhen(50% dragon), and Josephina(50% death)
 56636 | Crypt:3  | Got Hoaf's Volume of Evil Acts
 56893 | Crypt:3  | Acquired 730 gold pieces
 57446 | Elf:3    | Entered Level 3 of the Elven Halls
 57461 | Elf:3    | Reached skill level 20 in Translocations
 58131 | Elf:3    | Reached skill level 11 in Spellcasting
 58359 | Elf:3    | Reached XP level 25. HP: 165/189 MP: 4/38
 58625 | Elf:3    | Identified the +8 falchion of the Forest {flame, Str+4
                  | Dex-3 Stlth+}
 58625 | Elf:3    | Identified the +1 robe of the Kodama {rN+ rCorr Str-3}
 58626 | Elf:3    | Identified the ring of Nigomon {Wiz Int+2}
 58840 | Elf:3    | Identified the +4 scale mail "Uxkow" {Str+7 Dex-4 Stlth+}
 58863 | Elf:3    | Identified the +0 great sword "Xipt" {freeze, rPois rF+
                  | Str+3 Int+3}
 59105 | Elf:3    | Reached skill level 12 in Spellcasting
 59279 | Elf:3    | Got Sif Muna's Collected Works on Shifting Blasting
 59316 | Elf:3    | Identified the +1 helmet of Cabo Uri {rN++ Stlth+}
 59392 | Elf:3    | Identified the +2 pair of gloves of Gluttony {Regen+ Dex+4}
 60471 | Depths:3 | Voluntarily entered the Abyss.
 60476 | Abyss:1  | Found a corrupted altar of Lugonu.
 60563 | Abyss:1  | Found a corrupted altar of Lugonu.
 60564 | Abyss:1  | Found a corrupted altar of Lugonu.
 60633 | Abyss:1  | Found a corrupted altar of Lugonu.
 60775 | Depths:3 | Escaped the Abyss
 60842 | Depths:3 | Voluntarily entered the Abyss.
 61005 | Abyss:1  | Reached skill level 13 in Spellcasting
 61160 | Abyss:2  | Found a sacrificial altar of Ru.
 61189 | Abyss:2  | Found a corrupted altar of Lugonu.
 61200 | Abyss:2  | Found a corrupted altar of Lugonu.
 61200 | Abyss:2  | Found a corrupted altar of Lugonu.
 61327 | Abyss:2  | Gained mutation: You occasionally shout uncontrollably at
                  | your foes. [a cacodemon]
 61717 | Depths:3 | Escaped the Abyss
 61781 | Depths:3 | Voluntarily entered the Abyss.
 61781 | Abyss:2  | Found a glowing golden altar of the Shining One.
 61786 | Abyss:2  | Reached skill level 14 in Spellcasting
 61837 | Abyss:2  | Found a glowing golden altar of the Shining One.
 61837 | Abyss:2  | Found a hide-covered altar of Uskayaw.
 61837 | Abyss:2  | Found a hazy altar of Hepliaklqana.
 61837 | Abyss:2  | Found a basalt altar of Yredelemnul.
 61837 | Abyss:2  | Found an ancient bone altar of Kikubaaqudgha.
 61837 | Abyss:2  | Found a broken altar of Ashenzari.
 61838 | Abyss:2  | Found a shimmering altar of Xom.
 61838 | Abyss:2  | Found a sparkling altar of Nemelex Xobeh.
 61838 | Abyss:2  | Found an opulent altar of Gozag.
 61838 | Abyss:2  | Found a burning altar of Makhleb.
 61840 | Abyss:2  | Found a glowing silver altar of Zin.
 61840 | Abyss:2  | Found a sacrificial altar of Ru.
 62056 | Depths:3 | Escaped the Abyss
 62167 | Depths:3 | Voluntarily entered the Abyss.
 62403 | Abyss:3  | Reached skill level 15 in Spellcasting
 62415 | Abyss:3  | HP: 91/189 [lightning spire/bolt of electricity (8)]
 62417 | Abyss:3  | Got an abyssal rune of Zot
 62639 | Depths:3 | Escaped the Abyss
 62684 | Zot:1    | Entered Level 1 of the Realm of Zot
 62753 | Zot:1    | HP: 93/189 [poison (poison gas)]
 62758 | Zot:1    | HP: 82/189 [poison (poison gas)]
 62763 | Depths:4 | HP: 87/189 [poison (poison gas)]
 62879 | Depths:4 | HP: 92/189 [poisoned by a green draconian monk (poison
                  | gas)]
 62884 | Depths:4 | HP: 68/189 [poisoned by a green draconian monk (poison
                  | gas)]
 62889 | Depths:4 | HP: 71/189 [poisoned by a green draconian monk (poison
                  | gas)]
 62907 | Depths:4 | HP: 76/189 [yellow draconian annihilator/poison arrow[a
                  | green draconian monk] (28)]
 62912 | Depths:4 | HP: 53/189 [poisoned by a yellow draconian annihilator
                  | (poison arrow)]
 62917 | Depths:4 | HP: 54/189 [poisoned by a yellow draconian annihilator
                  | (poison arrow)]
 62922 | Depths:4 | HP: 59/189 [poisoned by a yellow draconian annihilator
                  | (poison arrow)]
 63513 | Zot:1    | Reached skill level 16 in Dodging
 63518 | Zot:1    | Reached XP level 26. HP: 144/196 MP: 42/42
 64390 | Zot:1    | Reached skill level 17 in Dodging
 64937 | Zot:1    | Reached skill level 18 in Dodging
 65697 | Zot:2    | HP: 92/196 [quicksilver dragon (12)]
 65702 | Zot:2    | HP: 63/196 [quicksilver dragon (14)]
 65708 | Zot:2    | HP: 49/196 [quicksilver dragon (16)]
 65713 | Zot:2    | HP: 70/196 [quicksilver dragon (14)]
 65943 | Zot:2    | Noticed Grunn
 65950 | Zot:2    | Killed Grunn
 65957 | Zot:2    | HP: 95/196 [bone dragon[a doom hound] (4)]
 65963 | Zot:2    | HP: 88/196 [tormentor[a doom hound] (3)]
 65963 | Zot:2    | HP: 17/196 [reaper/+1 scythe of venom[a doom hound] (31)]
 65968 | Zot:2    | HP: 17/196 [poisoned by a reaper]
 65973 | Zot:2    | HP: 47/196 [poisoned by a reaper]
 65987 | Zot:2    | HP: 37/196 [???[a doom hound] (27)]
 65992 | Zot:2    | HP: 17/196 [???[a doom hound] (11)]
 66165 | Zot:2    | HP: 89/190 [Tzitzimitl/bolt of negative energy[a doom
                  | hound] (20)]
 66166 | Zot:2    | HP: 36/187 [Tzitzimitl/bolt of negative energy[a doom
                  | hound] (15)]
 67276 | Zot:3    | Reached skill level 19 in Dodging
 67907 | Zot:3    | HP: 96/196 [black draconian/bolt of lightning[a black
                  | draconian knight] (35)]
 68501 | Zot:3    | You fall into a shaft and drop 1 floor!
 68766 | Zot:4    | Reached skill level 20 in Dodging
 69062 | Zot:3    | Reached XP level 27. HP: 200/201 MP: 42/42
 69376 | Zot:3    | Reached skill level 16 in Polearms
 69624 | Zot:3    | Identified the +5 short sword of the Singing Seeker {flame,
                  | Int+7}
 71013 | Zot:4    | Noticed an orb of fire
 71025 | Zot:4    | Gained mutation: You are robust. (+10% HP) [an orb of fire]
 71029 | Zot:4    | Gained mutation: You occasionally lose the ability to drink
                  | potions when taking damage. [an orb of fire]
 71029 | Zot:4    | HP: 98/224 [radroach[a protean progenitor] (19)]
 71030 | Zot:4    | HP: 48/224 [radroach[a protean progenitor] (4)]
 71032 | Zot:4    | Gained mutation: You have hidden genetic defects.
                  | [mutagenic glow]
 71036 | Zot:4    | HP: 49/224 [moth of wrath (10)]
 71056 | Zot:3    | Gained mutation: You do not regenerate when monsters are
                  | visible. [mutagenic glow]
 71098 | Zot:3    | Lost mutation: You occasionally lose the ability to drink
                  | potions when taking damage. [potion of mutation]
 71098 | Zot:3    | Lost mutation: You have a pair of small antennae on your
                  | head. [potion of mutation]
 71098 | Zot:3    | Gained mutation: You are weak. (Str -2) [potion of
                  | mutation]
 71098 | Zot:3    | Gained mutation: Your body sometimes deteriorates upon
                  | taking damage. [potion of mutation]
 71098 | Zot:3    | Gained mutation: You are partially covered in iridescent
                  | scales. (AC +2) [potion of mutation]
 71099 | Zot:3    | Lost mutation: You are partially covered in iridescent
                  | scales. (AC +2) [potion of mutation]
 71099 | Zot:3    | Lost mutation: You have hidden genetic defects. [potion of
                  | mutation]
 71099 | Zot:3    | Gained mutation: You have a pair of small horns on your
                  | head. [potion of mutation]
 71099 | Zot:3    | Gained mutation: You are agile. (Dex +4, Str/Int -1)
                  | [potion of mutation]
 71199 | Zot:5    | Entered Level 5 of the Realm of Zot
 71218 | Zot:5    | Reached skill level 17 in Polearms
 71223 | Zot:5    | Noticed an orb of fire
 71223 | Zot:5    | Noticed an orb of fire
 71223 | Zot:5    | Noticed an orb of fire
 71223 | Zot:5    | Noticed an orb of fire
 72205 | Spider:2 | Killed Louise
 72642 | Swamp:3  | Killed Bai Suzhen
 72908 | Swamp:3  | Killed Roxanne
 73116 | Swamp:4  | Killed the 27-headed Lernaean hydra
 73286 | Slime:1  | Entered Level 1 of the Pits of Slime
 73760 | Slime:4  | Reached skill level 18 in Polearms
 73771 | Slime:5  | Entered Level 5 of the Pits of Slime
 73944 | Slime:5  | Found the +7 hand cannon "Mule" {flame, backblast, rF+}
 74200 | Slime:5  | HP: 112/224 [acid (5)]
 74208 | Slime:5  | Gained mutation: You sometimes lose your temper in combat.
                  | [a shining eye]
 74243 | Slime:5  | HP: 85/224 [rockslime (30)]
 74621 | Slime:5  | Noticed the Royal Jelly
 74647 | Slime:5  | Killed the Royal Jelly
 74648 | Slime:5  | Reached skill level 19 in Polearms
 74729 | Slime:5  | Got the Octavo of Algor and Fermentation
 74800 | Slime:5  | Identified the amulet of the Everdark {Acrobat ^Contam
                  | *Corrode rElec Will+++ Str+4}
 74806 | Slime:5  | Identified the orb of Sink {*Rage, rC++}
 74813 | Slime:5  | Identified the ring "Nekel" {Ice Dex+4}
 74817 | Slime:5  | Got Vizuz's Grimoire of Iotic Assaults
 74885 | Slime:5  | Identified the +3 morningstar of Vanity {heavy, Will+}
 74953 | Slime:5  | Identified the amulet of the Traitor {Reflect rN+ Str+4
                  | SH+5}
 74955 | Slime:5  | Got a slimy rune of Zot
 76020 | Vaults:4 | Lost mutation: You are robust. (+10% HP) [potion of
                  | mutation]
 76020 | Vaults:4 | Lost mutation: You are agile. (Dex +4, Str/Int -1) [potion
                  | of mutation]
 76020 | Vaults:4 | Gained mutation: You have supernaturally acute eyesight.
                  | (SInv) [potion of mutation]
 76020 | Vaults:4 | Gained mutation: Your magical capacity is low. (-10% MP)
                  | [potion of mutation]
 76020 | Vaults:4 | Gained mutation: Your mind is acute. (Int +4, Str/Dex -1)
                  | [potion of mutation]
 76021 | Vaults:4 | Lost mutation: Your body sometimes deteriorates upon taking
                  | damage. [potion of mutation]
 76021 | Vaults:4 | Lost mutation: Your mind is acute. (Int +4, Str/Dex -1)
                  | [potion of mutation]
 76021 | Vaults:4 | Lost mutation: You do not regenerate when monsters are
                  | visible. [potion of mutation]
 76021 | Vaults:4 | Gained mutation: You are partially covered in iridescent
                  | scales. (AC +2) [potion of mutation]
 76021 | Vaults:4 | Gained mutation: You are somewhat resistant to further
                  | mutation. [potion of mutation]
 76384 | Vaults:4 | Paralysed by a formless jellyfish for 1 turns
 76752 | Vaults:4 | Found Boshoaf's Armour Boutique.
 76874 | Vaults:5 | Entered Level 5 of the Vaults
 76901 | Vaults:4 | Reached skill level 21 in Fighting
 77621 | Vaults:5 | Reached skill level 22 in Fighting
 78048 | Vaults:5 | Identified the +2 robe of Brilliance {rPois}
 78137 | Vaults:5 | Noticed a dread lich
 78147 | Vaults:5 | Killed a dread lich
 78607 | Vaults:5 | Identified the amulet of Xom's Capriciousness {Faith
                  | Rampage *Corrode rPois}
 78608 | Vaults:5 | Identified the +8 great mace of the Imbibing Tiger {holy,
                  | Dex+2}
 78833 | Vaults:5 | Identified the +1 morningstar of the Goat {venom, *Slow
                  | Dex+6}
 78833 | Vaults:5 | Identified the ring "Vani Fub" {rPois Will+ Str+2 SInv}
 78851 | Vaults:5 | Reached skill level 23 in Fighting
 79289 | Vaults:5 | Identified the +12 war axe of the Pyrrhic Victory {venom,
                  | Stlth+}
 79562 | Vaults:5 | Identified the +2 robe "Tulo" {Str+3}
 79562 | Vaults:5 | Noticed Boris
 79568 | Vaults:5 | Killed Boris
 79912 | Vaults:5 | Got a silver rune of Zot
 80540 | Swamp:1  | Killed Biggs's ghost
 80678 | D:10     | Bought a potion of heal wounds for 140 gold pieces
 80678 | D:10     | Bought a potion of mutation for 224 gold pieces
 80678 | D:10     | Bought a potion of enlightenment for 140 gold pieces
 80678 | D:10     | Bought a potion of cancellation for 224 gold pieces
 80678 | D:10     | Bought a potion of might for 112 gold pieces
 80694 | D:10     | Lost mutation: You are somewhat resistant to further
                  | mutation. [potion of mutation]
 80694 | D:10     | Lost mutation: You have a pair of small horns on your head.
                  | [potion of mutation]
 80694 | D:10     | Lost mutation: You are weak. (Str -2) [potion of mutation]
 80694 | D:10     | Gained mutation: Your flesh is heat resistant. (rF+)
                  | [potion of mutation]
 81161 | Zot:5    | Got the Spellbook of Agnosticism
 81303 | Zot:5    | Killed an orb of fire
 81375 | Zot:5    | Reached skill level 24 in Fighting
 81561 | Zot:5    | Gained mutation: Armour fits poorly on your strangely
                  | shaped body. [an orb of fire]
 81566 | Zot:5    | Killed an orb of fire
 81711 | Zot:5    | Lost mutation: Your magical capacity is low. (-10% MP)
                  | [potion of mutation]
 81711 | Zot:5    | Lost mutation: You are partially covered in iridescent
                  | scales. (AC +2) [potion of mutation]
 81711 | Zot:5    | Lost mutation: Your flesh is heat resistant. (rF+) [potion
                  | of mutation]
 81711 | Zot:5    | Gained mutation: You expend magic power (3 MP) to
                  | strengthen your wands. [potion of mutation]
 81772 | Zot:5    | Killed an orb of fire
 81776 | Zot:5    | HP: 104/322 [??? (83)]
 81943 | Zot:5    | Killed an orb of fire
 82230 | Zot:5    | Noticed an orb of fire
 82234 | Zot:5    | Gained mutation: Your spells are a little easier to cast,
                  | but a little less powerful. [an orb of fire]
 82241 | Zot:5    | Killed an orb of fire
 82242 | Zot:5    | Reached skill level 25 in Fighting
 82243 | Zot:5    | Noticed an ancient lich
 82243 | Zot:5    | Noticed an orb of fire
 82249 | Zot:5    | Killed an orb of fire
 82259 | Zot:5    | Killed an ancient lich
 82528 | Zot:5    | Got the Orb of Zot
 83175 | D:$      | Escaped with the Orb!

Illustrated notes

Levels and vault maps discovered:
D:1:      tarquinn_simple_flora_water_c, layout_rooms, basic_ecumenical_altar
D:2:      layout_basic, serial_shops, shop
D:3:      layout_rooms, nicolae_dithmenos_through_a_glass_darkly,
          mainiacjoe_overflow_concentric_impassable, serial_corexii_hall,
          chequers_hall_statues_wall_a, corexii_hall_statues_t,
          ebering_ghost_disaster_area
D:4:      layout_basic
D:5:      layout_basic, nicolae_overflow_quartered_altars
D:6:      layout_loops_ring, minmay_temple_entry_statues_pillars,
          nicolae_ossuary_entry_ruins, minmay_a_box_with_orc_wizards_in_it,
          uniq_blork_the_orc
D:7:      layout_rooms, dk_vineyard_1
D:8:      layout_basic
D:9:      layout_irregular_city, grunt_temple_overflow_magic_moments,
          yredelemnul_altar_generic, nicolae_ru_great_annihilating_truth,
          nicolae_shop_overcharged_wands
D:10:     layout_long_grid, nicolae_uskayaw_suspiria,
          due_lair_maze_entry_diamond, nicolae_wooded_promenade
D:11:     layout_long_grid, hiddenorc1_lemuel, serial_shops, shop
D:12:     layout_roguey, serial_library, serial_library_hellmonk_secret_room,
          serial_library_regret_index_small_wings,
          serial_library_hellmonk_room_a,
          serial_library_regret_index_branch_corner
D:13:     layout_stronghold, serial_shops, nicolae_take_the_stairs,
          minmay_crystal_box
D:14:     layout_long_grid, david_vaults_4, serial_shops, shop,
          fedhas_altar_fruit_tree
D:15:     gammafunk_depths_entry_grave, layout_cave_pools, xom_redecorated
Temple:   nicolae_temple_ecumenical_triangle
Lair:1:   layout_hall_layers
Lair:2:   layout_chaotic_city, skrybe_swamp_entry_bodies, serial_bayou_pond_d,
          uniq_urug
Lair:3:   layout_regular_city, spider_nest_entry_a, serial_bayou_shore_b
Lair:4:   layout_cave_pods, gammafunk_ghost_grave, nicolae_lair_liquid_snakes,
          infiniplex_staircase_pool_2, lemuel_fruit_tree, grunt_megastairs_2,
          serial_bayou_shore_a
Lair:5:   minmay_lair_end_frog_pond, layout_gridlike,
          nicolae_slime_entry_field_trip, lemuel_old_faithful
Swamp:1:  layout_basic_swamp, ebering_ghost_rock_garden, serial_swamp_ruin,
          evilmike_swamp_ruin_house_4, evilmike_swamp_ruin_house_1,
          nicolae_swamp_decorative_isthmus
Swamp:2:  layout_falls_marsh, wheals_swamp_sinkhole
Swamp:3:  layout_basic_swamp, lemuel_altar_in_water, uniq_donald, uniq_roxanne,
          uniq_bai_suzhen
Swamp:4:  swamp_basic_johnstein, layout_basic_swamp
Spider:1: layout_spider_delve
Spider:2: layout_spider_delve, hive_lemuel, uniq_louise
Spider:3: layout_spider_delve, hangedman_spider_tarantella_strand, uniq_asterion
Spider:4: spider_rune_water
Slime:1:  layout_caves
Slime:2:  layout_caves
Slime:3:  layout_caves, basic_altar
Slime:4:  cheibrodos_slime_lost_civilization_1, layout_caves
Slime:5:  slime_pit_nicolae_inversion
Orc:1:    layout_diamond_mine, minmay_orc_temple_b
Orc:2:    pf_orc_diabolical, layout_diamond_mine, minmay_orc_temple_a
Elf:1:    eino_elf_arrival_sip, layout_loops_corners,
          minmay_elf_crystal_heptagon, minmay_shoptagon, uniq_norris, uniq_kirke
Elf:2:    elven_hall_of_blades_hangedman_original
          [nicolae_blade_entry_splitting_headache], layout_onion_city,
          basic_altar, serial_shops, nicolae_shop_tiny_statue_garden,
          ebering_ghost_inner_flame, serial_library_hellmonk_room_a,
          elves_outpost_lemuel
Elf:3:    minmay_elf_hall_furrowed, layout_onion_city
Vaults:1: nicolae_vaults_big_ls, nicolae_vaults_closet_pinwheel_5,
          vaults_room_stairs_pillars, nicolae_vaults_wine_cellar,
          nicolae_vaults_tangram_2, ontoclasm_vaults_chip,
          nicolae_vaults_more_shelving_2, nicolae_vaults_stairing_the_circle,
          hangedman_vaults_corner_blocks, ontoclasm_vaults_shuriken,
          vaults_room_stairs_pillars, nicolae_vaults_shipping_containers_3,
          ontoclasm_vaults_twist, nicolae_vaults_circle_grid_a,
          nicolae_vaults_tetromino_L_2, ontoclasm_vaults_decontamination,
          nicolae_vaults_trapezoid_lopsided_1, layout_vaults_omnibox,
          serial_shops, shop
Vaults:2: hangedman_vaults_capsules, vaults_standard_mumra_enter_the_diamond,
          st_star, vaults_room_door_hall, nicolae_vaults_trapezoid_lopsided_1,
          v_misc_25, v_misc_3, nicolae_vaults_border_crossing,
          nicolae_vaults_house_1, layout_vaults_ring
Vaults:3: infiniplex_enter_wizlab_water, v_alt_pattern_5,
          dpeg_vaults_monster_row, ontoclasm_vaults_misaligned,
          minmay_crypt_entry_nasty_monster, v_alt_pattern_2,
          nicolae_vaults_tetromino_L_1, layout_vaults_omnigrid, serial_shops,
          nicolae_shop_back_alley_shop
Vaults:4: portal_desolation_entry_garden, nicolae_vaults_three_branches,
          hangedman_vaults_snaps, hangedman_vaults_hat,
          nicolae_vaults_windows_and_doors_thing, nicolae_vaults_halls_meeting,
          vaults_room_fancy_cross, v_misc_2, nicolae_vaults_ellipses_ellipsis,
          nicolae_vaults_trapezoid_lopsided_3, layout_vaults_maze, serial_shops,
          nicolae_shop_pleasant_corner_grove, uniq_boris
Vaults:5
Crypt:1:  layout_misc_corridors, st_stairs_14, grunt_crypt_arrival_guarded_gate,
          roderic_lattice_octagonal_star, uniq_saint_roka, uniq_frederick
Crypt:2:  layout_misc_corridors, gammafunk_ghost_grave, uniq_vv
Crypt:3:  lightli_unholy_cathedral, layout_chaotic_city,
          nicolae_tomb_entry_unfolded_pyramid_diagonal
Depths:1: layout_roguey, minmay_misc_feat_tiny, hell_entry, skrybe_limestone_x,
          item_on_display_a
Depths:2: minmay_swirls_squares, layout_gridlike, roderic_roman_lattice,
          rand_demon_pan_entry_5, hell_entry, serial_bayou_shore_b
Depths:3: hangedman_cross_veins, layout_gridlike, minmay_misc_feat_five,
          hangedman_coc_ice_floe, serial_shops, kennysheep_mini_moat,
          hangedman_abyss_entry_splay, reverse_door_vault,
          infiniplex_staircase_x
Depths:4: evilmike_zot_entry_argh, layout_cave_pools, enter_ziggurat_d,
          hangedman_abyss_or_decor_clamps, hell_entry, minivault_16
Zot:1:    lemuel_halls_of_wrath, layout_cathedral_of_symmetry,
          grunt_megastairs_4
Zot:2:    layout_basic, regret_index_zotdec_barnacled_simple, uniq_grunn
Zot:3:    layout_gridlike, bh_zot_levy_curve, hangedman_spider_trapstep
Zot:4:    layout_misc_corridors
Zot:5:    layout_misc_corridors

Skill      XL: |  1  2  3  4  5  6  7  8  9 10 11 12 13 14 15 16 17 18 19 20 21 22 23 24 25 26 27 |
---------------+----------------------------------------------------------------------------------+-----
Axes           | 4 5 6 7 |  7.0
Fighting       | 4 6 9 10 11 16 20 25 | 25.7
Polearms       | 7 10 13 15 19 | 19.6
Armour         | 3 8 10 12 14 15 17 20 | 20.0
Dodging        | 4 8 11 13 15 16 20 | 20.0
Invocations    | 7 8 10 | 10.0
Translocations | 8 15 16 20 | 20.0
Spellcasting   | 1 7 10 11 15 | 15.0

Action                     |  1- 3 |  4- 6 |  7- 9 | 10-12 | 13-15 | 16-18 | 19-21 | 22-24 | 25-27 || total
---------------------------+-------+-------+-------+-------+-------+-------+-------+-------+-------++-------
  Melee: Hand axe          |    76 |    54 |       |       |       |       |       |       |       ||   130
         Trident           |       |    79 |   190 |   560 |  1717 |  2832 |  3489 |  2504 |  2565 || 13936
         Dagger            |       |    53 |   121 |       |       |       |       |       |       ||   174
         Spear             |       |       |    18 |   508 |   891 |       |       |       |       ||  1417
         Demon trident     |       |       |       |       |       |       |       |   912 |  2590 ||  3502
         Headbutt          |       |       |       |       |       |       |       |       |   145 ||   145
  Throw: Throwing net      |       |       |       |       |       |       |     1 |       |       ||     1
   Cast: Apportation       |       |       |       |       |       |     2 |       |       |     1 ||     3
         Manifold Assault  |       |       |       |       |       |       |       |    70 |   862 ||   932
         Blink             |       |       |       |       |       |       |       |     2 |     1 ||     3
         Dispersal         |       |       |       |       |       |       |       |     2 |     7 ||     9
 Invoke: Recall Ancestor   |       |       |     3 |     4 |     2 |    19 |     3 |    15 |    30 ||    76
         Ancestor Life: Kn |       |       |     1 |       |       |       |       |       |       ||     1
         Idealise          |       |       |       |       |       |       |     5 |     4 |     2 ||    11
  Evoke: Wand              |       |       |       |       |     1 |     1 |     1 |     2 |     3 ||     8
         Condenser vane    |       |       |       |       |       |       |       |       |     1 ||     1
    Use: Scroll            |       |       |       |     3 |    16 |    21 |     7 |     9 |    10 ||    66
         Potion            |       |       |       |       |       |     7 |     9 |     9 |    28 ||    53
   Stab: Distracted        |       |       |     4 |     6 |     8 |    21 |    10 |    27 |    27 ||   103
         Paralysed         |       |       |       |     1 |       |       |       |       |       ||     1
         Invisible         |       |       |       |     1 |       |     4 |       |       |       ||     5
         Sleeping          |       |       |       |       |       |       |       |       |     1 ||     1
 Armour: Robe              |    12 |       |       |       |       |       |       |       |       ||    12
         Leather armour    |    16 |     9 |       |       |       |       |       |       |       ||    25
         Scale mail        |       |    72 |   117 |   204 |   318 |       |       |       |       ||   711
         Ring mail         |       |     8 |       |       |       |       |       |       |       ||     8
         Chain mail        |       |       |       |       |   132 |   266 |       |       |       ||   398
         Swamp dragon scal |       |       |       |       |       |   366 |   149 |       |       ||   515
         Fire dragon scale |       |       |       |       |       |       |   163 |   314 |   423 ||   900
         Gold dragon scale |       |       |       |       |       |       |   474 |   408 |   239 ||  1121
  Dodge: Dodged            |    47 |    77 |    79 |   105 |   570 |   961 |   619 |   545 |   568 ||  3571
         Repelled          |       |       |       |       |     3 |    21 |    24 |    18 |    28 ||    94
  Block: Buckler           |     7 |    15 |       |       |       |       |       |       |       ||    22

Table legend: (Time is in decaauts)
 A = Elapsed time spent in this place.
 B = Non-inter-level travel time spent in this place.
 C = Inter-level travel time spent in this place.
 D = Time resting spent in this place.
 E = Time spent auto-exploring this place.
 F = Levels seen in this place.
 G = Mean time per level.
                   A        B        C        D        E       F      G
               +--------+--------+--------+--------+--------+-----+--------+
         Total |  81145 |  70354 |  10791 |  11517 |  43271 |  65 | 1248.4 |
       Dungeon |  18165 |  14708 |   3457 |    926 |  11451 |  15 | 1211.0 |
        Temple |     40 |     21 |     19 |      0 |     19 |   1 |   40.0 |
          Lair |   7072 |   6252 |    820 |    442 |   4758 |   5 | 1414.4 |
         Swamp |   3984 |   3492 |    492 |    531 |   1955 |   4 |  996.0 |
   Spider Nest |   6650 |   5224 |   1426 |    960 |   2904 |   4 | 1662.5 |
    Slime Pits |   1759 |   1222 |    537 |    642 |    158 |   5 |  351.8 |
  Orcish Mines |   2255 |   1796 |    459 |      0 |   1334 |   2 | 1127.5 |
   Elven Halls |   5447 |   5018 |    429 |    515 |   3443 |   3 | 1815.7 |
        Vaults |   9813 |   8766 |   1047 |   1563 |   5464 |   5 | 1962.6 |
         Crypt |   4093 |   3781 |    312 |    642 |   2167 |   3 | 1364.3 |
        Depths |   8258 |   7137 |   1121 |   1581 |   3674 |   4 | 2064.5 |
           Zot |   9813 |   9145 |    668 |   3200 |   4529 |   5 | 1962.6 |
         Abyss |   1789 |   1789 |      0 |    311 |    702 |   6 |  298.2 |
       Ossuary |    366 |    366 |      0 |      0 |    261 |   1 |  366.0 |
        Wizlab |    713 |    713 |      0 |    170 |     70 |   1 |  713.0 |
    Desolation |    919 |    919 |      0 |     30 |    377 |   1 |  919.0 |
               +--------+--------+--------+--------+--------+-----+--------+

Top non-repeatable levels by time:
   Zot:3: 3207 daAuts
   Zot:1: 2998 daAuts
Depths:2: 2820 daAuts
Vaults:4: 2775 daAuts
Depths:3: 2387 daAuts
Spider:4: 2103 daAuts
    D:12: 1992 daAuts
   Elf:3: 1985 daAuts
    D:14: 1915 daAuts
   Elf:2: 1914 daAuts
Vaults:5: 1895 daAuts
    D:13: 1835 daAuts
Depths:4: 1826 daAuts
Vaults:1: 1825 daAuts
  Lair:4: 1779 daAuts
